Workbook

Sheet Menu
Q1: Português/Portuguese
Q2: Inglês/English
E4: =IF(D7=Q1,Q4,Q5) -> Informações Financeiras e Operacionais | Q4: Informações Financeiras e Operacionais
Q5: Financial and Operational Information
C7: Lingua/Language | D7: Português/Portuguese

Sheet Destaques | Highlights
E2: 1T21 | F2: 2T21 | G2: 3T21 | H2: 4T21 | I2: 2021 | K2: 1T22 | L2: 2T22 | M2: 3T22 | N2: 4T22 | O2: 2022 | Q2: 1T23 | R2: 2T23 | S2: 3T23 | T2: 4T23 | U2: 2023 | W2: 1T24 | X2: 2T24 | Y2: 3T24 | Z2: 4T24 | AA2: 2024 | AC2: 1T25 | AD2: 2T25 | AE2: 3T25 | AF2: 4T25 | AG2: 2025 | AI2: 1T26 | AJ2: 2T26 | AK2: 3T26 | AL2: 4T26 | AM2: 2026
E3: 1Q21 | F3: 2Q21 | G3: 3Q21 | H3: 4Q21 | I3: 2021 | K3: 1Q22 | L3: 2Q22 | M3: 3Q22 | N3: 4Q22 | O3: 2022 | Q3: 1Q23 | R3: 2Q23 | S3: 3Q23 | T3: 4Q23 | U3: 2023 | W3: 1Q24 | X3: 2Q24 | Y3: 3Q24 | Z3: 4Q24 | AA3: 2024 | AC3: 1Q25 | AD3: 2Q25 | AE3: 3Q25 | AF3: 4Q25 | AG3: 2025 | AI3: 1Q26 | AJ3: 2Q26 | AK3: 3Q26 | AL3: 4Q26 | AM3: 2026
A4: =IF(Menu!$D$7="Português/Portuguese",B4,C4) -> Destaque (Valores em mil toneladas) | B4: Destaque (Valores em mil toneladas) | C4: Highlights (Values in thousand tons) | E4: =IF(Menu!$D$7="Português/Portuguese",E2,E3) -> 1T21 | F4: =IF(Menu!$D$7="Português/Portuguese",F2,F3) -> 2T21 | G4: =IF(Menu!$D$7="Português/Portuguese",G2,G3) -> 3T21 | H4: =IF(Menu!$D$7="Português/Portuguese",H2,H3) -> 4T21 | I4: =IF(Menu!$D$7="Português/Portuguese",I2,I3) -> 2021 | J4: =IF([1]Menu!$D$7="Português/Portuguese",'Destaques | Highlights'!J2,'Destaques | Highlights'!J3) -> 0 | K4: =IF(Menu!$D$7="Português/Portuguese",K2,K3) -> 1T22 | L4: =IF(Menu!$D$7="Português/Portuguese",L2,L3) -> 2T22 | M4: =IF(Menu!$D$7="Português/Portuguese",M2,M3) -> 3T22 | N4: =IF(Menu!$D$7="Português/Portuguese",N2,N3) -> 4T22 | O4: =IF(Menu!$D$7="Português/Portuguese",O2,O3) -> 2022 | P4: =IF([1]Menu!$D$7="Português/Portuguese",'Destaques | Highlights'!P2,'Destaques | Highlights'!P3) -> 0 | Q4: =IF(Menu!$D$7="Português/Portuguese",Q2,Q3) -> 1T23 | R4: =IF(Menu!$D$7="Português/Portuguese",R2,R3) -> 2T23 | S4: =IF(Menu!$D$7="Português/Portuguese",S2,S3) -> 3T23 | T4: =IF(Menu!$D$7="Português/Portuguese",T2,T3) -> 4T23 | U4: =IF(Menu!$D$7="Português/Portuguese",U2,U3) -> 2023 | V4: =IF([1]Menu!$D$7="Português/Portuguese",'Destaques | Highlights'!V2,'Destaques | Highlights'!V3) -> 0 | W4: =IF(Menu!$D$7="Português/Portuguese",W2,W3) -> 1T24 | X4: =IF(Menu!$D$7="Português/Portuguese",X2,X3) -> 2T24 | Y4: =IF(Menu!$D$7="Português/Portuguese",Y2,Y3) -> 3T24 | Z4: =IF(Menu!$D$7="Português/Portuguese",Z2,Z3) -> 4T24 | AA4: =IF(Menu!$D$7="Português/Portuguese",AA2,AA3) -> 2024 | AB4: =IF([1]Menu!$D$7="Português/Portuguese",'Destaques | Highlights'!AB2,'Destaques | Highlights'!AB3) -> 0 | AC4: =IF(Menu!$D$7="Português/Portuguese",AC2,AC3) -> 1T25 | AD4: =IF(Menu!$D$7="Português/Portuguese",AD2,AD3) -> 2T25 | AE4: =IF(Menu!$D$7="Português/Portuguese",AE2,AE3) -> 3T25 | AF4: =IF(Menu!$D$7="Português/Portuguese",AF2,AF3) -> 4T25 | AG4: =IF(Menu!$D$7="Português/Portuguese",AG2,AG3) -> 2025 | AI4: =IF(Menu!$D$7="Português/Portuguese",AI2,AI3) -> 1T26 | AJ4: =IF(Menu!$D$7="Português/Portuguese",AJ2,AJ3) -> 2T26 | AK4: =IF(Menu!$D$7="Português/Portuguese",AK2,AK3) -> 3T26 | AL4: =IF(Menu!$D$7="Português/Portuguese",AL2,AL3) -> 4T26 | AM4: =IF(Menu!$D$7="Português/Portuguese",AM2,AM3) -> 2026
A5: Iron Ore Sales (thousand tons) | B5: Venda de Minério de Ferro | C5: Iron Ore Sales (thousand tons) | E5: 8225.0247 | F5: 9109.9824 | G5: 8183.3867 | H5: 7718.6341 | I5: 33237.028 | K5: 7639.392 | L5: 6687.4723 | M5: =SUM(M6:M7) -> 9094.8013 | N5: =SUM(N6:N7) -> 9728.7817 | O5: 33325 | Q5: 8617.715 | R5: 11258.012 | S5: 11641.416 | T5: 11144.006 | U5: 42661.149 | W5: 9145.3085 | X5: 10792.23 | Y5: 11883.984 | Z5: 10730.833 | AA5: 42552.356 | AC5: 9639.767 | AD5: 11832.536 | AE5: 12395.555 | AF5: 11981.286 | AG5: 45849.143 | AI5: 9636 | AJ5: 11848.706
A6: Domestic Market | B6: Mercado Interno | C6: Domestic Market | E6: 1286.0247 | F6: 1174.3584 | G6: 1269.4237 | H6: 1189.9311 | I6: 4919.7379 | K6: 1110.689 | L6: 866.77327 | M6: 1121.8012 | N6: 1037.7817 | O6: 4133 | Q6: 665.90597 | R6: 1003.1655 | S6: 1765.4379 | T6: 1558.1192 | U6: 4992.6286 | W6: 1021.8335 | X6: 859.04771 | Y6: 1105.7402 | Z6: 1053.6084 | AA6: 4040.2298 | AC6: 1039.835 | AD6: 1067.366 | AE6: 976.8578 | AF6: 944.96661 | AG6: 3084.0588 | AI6: 737 | AJ6: 1346.0076
A7: Foreign Market | B7: Mercado Externo | C7: Foreign Market | E7: 6939 | F7: 7935.624 | G7: 6913.963 | H7: 6528.703 | I7: 28317.29 | K7: 6528.703 | L7: 5820.699 | M7: 7973 | N7: 8691 | O7: 29192 | Q7: 7951.809 | R7: 10254.846 | S7: 9875.978 | T7: 9585.887 | U7: 37668.52 | W7: 8123.475 | X7: 9933.182 | Y7: 10778.244 | Z7: 9677.225 | AA7: 38512.126 | AC7: 8599.932 | AD7: 10765.17 | AE7: 11418.697 | AF7: 11036.319 | AG7: 41820.118 | AI7: 8899 | AJ7: 10502.698
A8: =IF(Menu!$D$7="Português/Portuguese",B8,C8) -> Resultados Consolidados IFRS (R$ milhões) | B8: Resultados Consolidados IFRS (R$ milhões) | C8: IFRS Consolidated Results (R$ million) | E8: =E4 -> 1T21 | F8: =F4 -> 2T21 | G8: =G4 -> 3T21 | H8: =H4 -> 4T21 | I8: =I4 -> 2021 | J8: =J4 -> 0 | K8: =K4 -> 1T22 | L8: =L4 -> 2T22 | ... AG8: =AG4 -> 2025 | AI8: =AI4 -> 1T26 | AJ8: =AJ4 -> 2T26 | AK8: =AK4 -> 3T26 | AL8: =AL4 -> 4T26 | AM8: =AM4 -> 2026
A9: =IF(Menu!$D$7="Português/Portuguese",B9,C9) -> Receita Líquida¹ | B9: Receita Líquida¹ | C9: Net Revenue | E9: 5474 | F9: 7345 | G9: 2783 | H9: 2381 | I9: =SUM(E9:H9)-1 -> 17982 | K9: 3838.3259 | L9: 2586.7472 | M9: 2508.5523 | N9: 3512.386 | O9: 12446.011 | Q9: 4114.7309 | R9: 3610.921 | S9: 4309.6246 | T9: 5018.4139 | U9: 17053.69 | W9: 2804.808 | X9: 3323.6398 | Y9: 2973.2331 | Z9: 3907 | AA9: 13008.681 | AC9: 3412.1672 | AD9: 3406.2099 | AE9: 4405.0751 | AF9: 4109.3522 | AG9: 15332.804 | AI9: 3165.4444 | AJ9: 2867.4676
A10: =IF(Menu!$D$7="Português/Portuguese",B10,C10) -> Custo de Produto Vendido (CPV) | B10: Custo de Produto Vendido (CPV) | C10: Cost of Goods Sold (COGS) | E10: -2237.7006 | F10: -2377.8757 | G10: -2645.4833 | H10: -2589.5176 | I10: -9850.5772 | K10: -1603.7268 | L10: -1835.2351 | M10: -1777.6703 | N10: -1866.6353 | O10: -7083.2674 | Q10: -2227.4641 | R10: -2622.5098 | S10: -2523.5351 | T10: -2465.5482 | U10: -9839.0572 | W10: -1889.9313 | X10: -1946.2818 | Y10: -2063.3503 | Z10: -2125 | AA10: -8024.5635 | AC10: -2237.7006 | AD10: -2377.8757 | AE10: -2645.4833 | AF10: -2589.5176 | AG10: -9850.5772 | AI10: -2034.8836 | AJ10: -2106
A11: =IF(Menu!$D$7="Português/Portuguese",B11,C11) -> Lucro Bruto | B11: Lucro Bruto | C11: Gross Profit | E11: 3566 | F11: 4917 | G11: 784 | H11: 706 | I11: =SUM(E11:H11)+1 -> 9974 | K11: 2234.5992 | L11: 751.51212 | M11: 730.88198 | N11: 1645.7507 | O11: 5362.744 | Q11: 1887.2668 | R11: 988.41118 | S11: 1786.0895 | T11: 2552.8656 | U11: 7214.6331 | W11: 914.87668 | X11: 1377.358 | Y11: 909.88277 | Z11: 1782 | AA11: 4984.1174 | AC11: 1174.4811 | AD11: 1028.3343 | AE11: 1759.5917 | AF11: 1519.8346 | AG11: 5482.2273 | AI11: 1130.5608 | AJ11: 761.46764
A12: =IF(Menu!$D$7="Português/Portuguese",B12,C12) -> Margem Bruta % | B12: Margem Bruta % | C12: Gross Margin (%) | E12: 0.34419962 | F12: 0.30189985 | G12: 0.39944648 | H12: 0.36984774 | I12: 0.35754983 | K12: 0.58218067 | L12: 0.29052399 | M12: 0.29135609 | N12: 0.46855633 | O12: 0.43088053 | Q12: 0.45866106 | R12: 0.27372827 | S12: 0.41444201 | T12: 0.5086997 | U12: 0.42305407 | W12: 0.32618157 | X12: 0.41441253 | Y12: 0.3060247 | Z12: 0.45610443 | AA12: 0.3831378 | AC12: 0.34419962 | AD12: 0.30189985 | AE12: 0.39944648 | AF12: =AF11/AF9 -> 0.36984774 | AG12: 0.35754889 | AI12: =AI11/AI9 -> 0.35715705 | AJ12: =AJ11/AJ9 -> 0.26555405
A13: =IF(Menu!$D$7="Português/Portuguese",B13,C13) -> Despesas com vendas e administrativas | B13: Despesas com vendas e administrativas | C13: Sales and administrative expenses | E13: -57.556343 | F13: -76.31532 | G13: -86.621046 | H13: -83.476002 | I13: -303.96871 | K13: -56.255296 | L13: -81.026432 | M13: -51.733488 | N13: -130.7203 | O13: -319.73551 | Q13: -119.07855 | R13: -137.79415 | S13: -60.884892 | T13: -66.967243 | U13: -384.72483 | W13: -72.997653 | X13: -51.988386 | Y13: -58.259664 | Z13: -49 | AA13: -232.2457 | AC13: -57.556343 | AD13: -76.31532 | AE13: -86.621046 | AF13: -83.476002 | AG13: -303.96871 | AI13: =-67417/1000 -> -67.417 | AJ13: -102.58263
A14: =IF(Menu!$D$7="Português/Portuguese",B14,C14) -> Resultado de Participações | B14: Resultado de Participações | C14: Result from equity investments | E14: 37.041876 | F14: 73.730403 | G14: 60.401338 | H14: 54.928382 | I14: 226.102 | K14: 11.041614 | L14: 26.596179 | M14: 46.68306 | N14: 32.24078 | O14: 116.56163 | Q14: 14.220919 | R14: 46.017074 | S14: 54.529236 | T14: 37.42666 | U14: 152.19389 | W14: 39.900877 | X14: 46.180308 | Y14: 50.288694 | Z14: 45 | AA14: 181.36988 | AC14: 37.041876 | AD14: 73.730403 | AE14: 60.401338 | AF14: 54.928382 | AG14: 226.102 | AI14: -2.9755652 | AJ14: 82.975565
A15: =IF(Menu!$D$7="Português/Portuguese",B15,C15) -> EBITDA Ajustado | B15: EBITDA Ajustado | C15: Adjusted EBITDA | E15: 3665 | F15: 4956 | G15: 911 | H15: 850 | I15: =SUM(E15:H15) -> 10382 | K15: 2414.6578 | L15: 907.44157 | M15: 926.02764 | N15: 1784.7507 | O15: 6032.8777 | Q15: 2018.3988 | R15: 1098.1117 | S15: 1987.7233 | T15: 2758.8901 | U15: 7863.1239 | W15: 1123.3498 | X15: 1618.4499 | Y15: 1138.814 | Z15: 2015 | AA15: 5895.6138 | AC15: 1427.4044 | AD15: 1268.3086 | AE15: 1991.4337 | AF15: 1761.2649 | AG15: 6448.4116 | AI15: 1419.8748 | AJ15: 1018.1252
A16: =IF(Menu!$D$7="Português/Portuguese",B16,C16) -> Margem EBITDA % | B16: Margem EBITDA % | C16: EBiTDA Margin (%) | E16: 0.6695 | F16: 0.6747 | G16: 0.3273 | H16: 0.3571 | I16: 0.42056309 | K16: 0.62909138 | L16: 0.35080412 | M16: 0.36914824 | N16: 0.50813057 | O16: 0.48472378 | Q16: 0.49052998 | R16: 0.30410848 | S16: 0.46122888 | T16: 0.5497534 | U16: 0.46108049 | W16: 0.40050863 | X16: 0.48695106 | Y16: 0.38302212 | Z16: 0.51574098 | AA16: 0.45320612 | AC16: 0.41832779 | AD16: 0.37235186 | AE16: 0.45207713 | AF16: =AF15/AF9 -> 0.42859916 | AG16: 0.42056309 | AI16: =AI15/AI9 -> 0.44855467 | AJ16: =AJ15/AJ9 -> 0.35506073

Sheet Operacional | Operational
E2: 1T21 | F2: 2T21 | G2: 3T21 | H2: 4T21 | I2: 2021 | K2: 1T22 | L2: 2T22 | M2: 3T22 | N2: 4T22 | O2: 2022 | Q2: 1T23 | R2: 2T23 | S2: 3T23 | T2: 4T23 | U2: 2023 | W2: 1T24 | X2: 2T24 | Y2: 3T24 | Z2: 4T24 | AA2: 2024 | AC2: 1T25 | AD2: 2T25 | AE2: 3T25 | AF2: 4T25 | AG2: 2025 | AI2: 1T26 | AJ2: 2T26 | AK2: 3T26 | AL2: 4T26 | AM2: 2026
E3: 1Q21 | F3: 2Q21 | G3: 3Q21 | H3: 4Q21 | I3: 2021 | K3: 1Q22 | L3: 2Q22 | M3: 3Q22 | N3: 4Q22 | O3: 2022 | Q3: 1Q23 | R3: 2Q23 | S3: 3Q23 | T3: 4Q23 | U3: 2023 | W3: 1Q24 | X3: 2Q24 | Y3: 3Q24 | Z3: 4Q24 | AA3: 2024 | AC3: 1Q25 | AD3: 2Q25 | AE3: 3Q25 | AF3: 4Q25 | AG3: 2025 | AI3: 1Q26 | AJ3: 2Q26 | AK3: 3Q26 | AL3: 4Q26 | AM3: 2026
E4: =IF(Menu!$D$7="Português/Portuguese",E2,E3) -> 1T21 | F4: =IF(Menu!$D$7="Português/Portuguese",F2,F3) -> 2T21 | G4: =IF(Menu!$D$7="Português/Portuguese",G2,G3) -> 3T21 | H4: =IF(Menu!$D$7="Português/Portuguese",H2,H3) -> 4T21 | I4: =IF(Menu!$D$7="Português/Portuguese",I2,I3) -> 2021 | K4: =IF(Menu!$D$7="Português/Portuguese",K2,K3) -> 1T22 | L4: =IF(Menu!$D$7="Português/Portuguese",L2,L3) -> 2T22 | M4: =IF(Menu!$D$7="Português/Portuguese",M2,M3) -> 3T22 | N4: =IF(Menu!$D$7="Português/Portuguese",N2,N3) -> 4T22 | O4: =IF(Menu!$D$7="Português/Portuguese",O2,O3) -> 2022 | Q4: =IF(Menu!$D$7="Português/Portuguese",Q2,Q3) -> 1T23 | R4: =IF(Menu!$D$7="Português/Portuguese",R2,R3) -> 2T23 | S4: =IF(Menu!$D$7="Português/Portuguese",S2,S3) -> 3T23 | T4: =IF(Menu!$D$7="Português/Portuguese",T2,T3) -> 4T23 | U4: =IF(Menu!$D$7="Português/Portuguese",U2,U3) -> 2023 | W4: =IF(Menu!$D$7="Português/Portuguese",W2,W3) -> 1T24 | X4: =IF(Menu!$D$7="Português/Portuguese",X2,X3) -> 2T24 | Y4: =IF(Menu!$D$7="Português/Portuguese",Y2,Y3) -> 3T24 | Z4: =IF(Menu!$D$7="Português/Portuguese",Z2,Z3) -> 4T24 | AA4: =IF(Menu!$D$7="Português/Portuguese",AA2,AA3) -> 2024 | AC4: =IF(Menu!$D$7="Português/Portuguese",AC2,AC3) -> 1T25 | AD4: =IF(Menu!$D$7="Português/Portuguese",AD2,AD3) -> 2T25 | AE4: =IF(Menu!$D$7="Português/Portuguese",AE2,AE3) -> 3T25 | AF4: =IF(Menu!$D$7="Português/Portuguese",AF2,AF3) -> 4T25 | AG4: =IF(Menu!$D$7="Português/Portuguese",AG2,AG3) -> 2025 | AI4: =IF(Menu!$D$7="Português/Portuguese",AI2,AI3) -> 1T26 | AJ4: =IF(Menu!$D$7="Português/Portuguese",AJ2,AJ3) -> 2T26 | AK4: =IF(Menu!$D$7="Português/Portuguese",AK2,AK3) -> 3T26 | AL4: =IF(Menu!$D$7="Português/Portuguese",AL2,AL3) -> 4T26 | AM4: =IF(Menu!$D$7="Português/Portuguese",AM2,AM3) -> 2026
A6: =IF(Menu!$D$7="Português/Portuguese",B6,C6) -> Volume de Produção + Compras (mil toneladas) | B6: Volume de Produção + Compras (mil toneladas) | C6: Iron Ore Production + Purchases (Thousand tons)
A7: =IF(Menu!$D$7="Português/Portuguese",B7,C7) -> Volume de Produção + Compras (mil toneladas) | B7: Volume de Produção + Compras (mil toneladas) | C7: Iron Ore Production + Purchases (Thousand tons) | E7: 8276.0191 | F7: 10571.322 | G7: 10308.736 | H7: 6919.1262 | I7: =SUM(E7:H7) -> 36075.203 | K7: 6468.2912 | L7: 8299.0816 | M7: 9611.3118 | N7: 9341.9544 | O7: =SUM(K7:N7) -> 33720.639 | Q7: 8941.2103 | R7: 11145.121 | S7: 11576.756 | T7: 10919.51 | U7: =SUM(Q7:T7) -> 42582.597 | W7: 9150.0805 | X7: 10412.882 | Y7: 11436.554 | Z7: 11010.081 | AA7: =SUM(W7:Z7) -> 42009.597 | AC7: 10206.341 | AD7: 11590.654 | AE7: 11910.791 | AF7: 11813.296 | AG7: =SUM(AC7:AF7) -> 45521.082 | AI7: 10058 | AJ7: 10880 | AM7: =SUM(AI7:AL7) -> 20938
A8: =IF(Menu!$D$7="Português/Portuguese",B8,C8) -> Volume de Vendas de Minério (mil toneladas) | B8: Volume de Vendas de Minério (mil toneladas) | C8: Iron Ore Sales Volume (Thousand tons)
A9: =IF(Menu!$D$7="Português/Portuguese",B9,C9) -> Mercado Interno | B9: Mercado Interno | C9: Domestic Market | E9: 1286.0247 | F9: 1174.3584 | G9: 1269.4237 | H9: 1189.9311 | I9: 4919.7379 | K9: 1110.689 | L9: 866.77327 | M9: 1121.8012 | N9: 1037.7817 | O9: =SUM(K9:N9) -> 4137.0452 | Q9: 665.90597 | R9: 1003.1655 | S9: 1765.4379 | T9: 1558.1192 | U9: 4992.6286 | W9: 1021.8335 | X9: 859.04771 | Y9: 1105.7402 | Z9: 1053.6084 | AA9: =SUM(W9:Z9) -> 4040.2298 | AC9: 1039.835 | AD9: 1067.366 | AE9: 976.8578 | AF9: 944.96661 | AG9: =SUM(AC9:AF9) -> 4029.0254 | AI9: 737 | AJ9: 1346 | AM9: =SUM(AI9:AL9) -> 2083
A10: =IF(Menu!$D$7="Português/Portuguese",B10,C10) -> Mercado Externo | B10: Mercado Externo | C10: Foreign Market | E10: 6939 | F10: 7935.624 | G10: 6913.963 | H10: 6528.703 | I10: 28317.29 | K10: 5820.699 | L10: 6707.123 | M10: 7973.05 | N10: 8691.17 | O10: =SUM(K10:N10) -> 29192.042 | Q10: 7951.809 | R10: 10254.846 | S10: 9875.978 | T10: 9585.887 | U10: 37668.52 | W10: 8123.475 | X10: 9933.182 | Y10: 10778.244 | Z10: 9677.225 | AA10: =SUM(W10:Z10) -> 38512.126 | AC10: 8599.932 | AD10: 10765.17 | AE10: 11418.697 | AF10: 11036.319 | AG10: =SUM(AC10:AF10) -> 41820.118 | AI10: 8899 | AJ10: 10503
A11: =IF(Menu!$D$7="Português/Portuguese",B11,C11) -> Total de Vendas | B11: Total de Vendas | C11: Total Sales | E11: 8225.0247 | F11: 9109.9824 | G11: 8183.3867 | H11: 7718.6341 | I11: 33237.028 | K11: 6931.388 | L11: 7573.8963 | M11: 9094.8512 | N11: 9728.9517 | O11: =SUM(K11:N11) -> 33329.087 | Q11: 8617.715 | R11: 11258.012 | S11: 11641.416 | T11: 11144.006 | U11: 42661.149 | W11: 9145.3085 | X11: 10792.23 | Y11: 11883.984 | Z11: 10730.833 | AA11: =SUM(W11:Z11) -> 42552.356 | AC11: 9639.767 | AD11: 11832.536 | AE11: 12395.555 | AF11: 11981.286 | AG11: =SUM(AC11:AF11) -> 45849.143 | AI11: 9636 | AJ11: =SUM(AJ9:AJ10) -> 11849 | AM11: =SUM(AI11:AL11) -> 21485
A12: =IF(Menu!$D$7="Português/Portuguese",B12,C12) -> Platts (US$) | B12: Platts (US$) | C12: Platts (US$)
A13: =IF(Menu!$D$7="Português/Portuguese",B13,C13) -> Platts (IODEX, Fe62%, Norte da China) (US$) | B13: Platts (IODEX, Fe62%, Norte da China) (US$) | C13: Platts (IODEX, Fe62%, North China)(US$) | E13: 166.9 | F13: 200.01 | G13: 162.94 | H13: 109.61 | K13: 141.6 | L13: 137.9 | M13: 103.31 | N13: 98.99 | Q13: 125.51 | R13: 110.9 | S13: 114 | T13: 128.3 | W13: 123.56 | X13: 111.8 | Y13: 99.7 | Z13: 103.4 | AA13: 108.8 | AC13: 103.6 | AD13: 97.8 | AE13: 102.3 | AF13: 106 | AG13: 102.3 | AI13: 104 | AJ13: 105.29
A14: =IF(Menu!$D$7="Português/Portuguese",B14,C14) -> Custo C1 (US$) | B14: Custo C1 (US$) | C14: C1 Cost
A15: =IF(Menu!$D$7="Português/Portuguese",B15,C15) -> Custo C1 (US$) | B15: Custo C1 (US$) | C15: C1 Cost (US$) | E15: 18.2 | F15: 19.9 | G15: 18.8 | H15: 21.6 | K15: 22.9 | L15: 24.3 | M15: 19.4 | N15: 21.273701 | Q15: 22.9 | R15: 21.772324 | S15: 21.34 | T15: 22.5 | W15: 23.5 | X15: 21.2 | Y15: 19.2 | Z15: 20.4 | AA15: 21 | AC15: 21 | AD15: 20.8 | AE15: 21.1 | AF15: 23.4 | AG15: 21.5 | AI15: 23.1 | AJ15: 24
A16: =IF(Menu!$D$7="Português/Portuguese",B16,C16) -> Receita Líquida Unitária (US$/wmt) | B16: Receita Líquida Unitária (US$/wmt) | C16: Unit Net Revenue (US$/t)
A17: =IF(Menu!$D$7="Português/Portuguese",B17,C17) -> Receita Líquida Unitária (US$/wmt) | B17: Receita Líquida Unitária (US$/wmt) | C17: Unit Net Revenue (US$/t) | E17: 121.67 | F17: 153.1045 | G17: 65.03 | H17: 55.38 | I17: 100.83 | K17: 106.97 | L17: 71.18 | M17: 52.780668 | N17: 68.811001 | O17: 72.92 | Q17: 91.786879 | R17: 65.648176 | S17: 75.230286 | T17: 91.423856 | U17: 80.3 | W17: 61.954498 | X17: 58.636042 | Y17: 45.897758 | Z17: 61.709861 | AA17: 56.5 | AC17: 61.960014 | AD17: 51.904556 | AE17: 65.674379 | AF17: 63.283276 | AG17: 59.4 | AI17: 62.6 | AJ17: 49.09

Sheet Projeções | Guidance
E2: 2026E | F2: 2027E | G2: 2028E | H2: 2029E | I2: 2030E | J2: 2023-2027E | K2: 2023-2028E | L2: 2024-2027E | M2: 2025 -2030E | N2: Longo Prazo
E3: 2026E | F3: 2027E | G3: 2028E | H3: 2029E | I3: 2030E | J3: 2023-2027E | K3: 2023-2028E | L3: 2024-2027E | M3: 2025 -2030E | N3: Long Term
A5: =IF(Menu!$D$7="Português/Portuguese",B5,C5) -> Projeções | B5: Projeções | C5: Guidances | E5: =IF(Menu!$D$7="Português/Portuguese",E2,E3) -> 2026E | F5: =IF(Menu!$D$7="Português/Portuguese",F2,F3) -> 2027E | G5: =IF(Menu!$D$7="Português/Portuguese",G2,G3) -> 2028E | H5: =IF(Menu!$D$7="Português/Portuguese",H2,H3) -> 2029E | I5: =IF(Menu!$D$7="Português/Portuguese",I2,I3) -> 2030E | J5: =IF(Menu!$D$7="Português/Portuguese",J2,J3) -> 2023-2027E | K5: =IF(Menu!$D$7="Português/Portuguese",K2,K3) -> 2023-2028E | L5: =IF(Menu!$D$7="Português/Portuguese",L2,L3) -> 2024-2027E | ... N5: =IF(Menu!$D$7="Português/Portuguese",N2,N3) -> Longo Prazo
A6: =IF(Menu!$D$7="Português/Portuguese",B6,C6) -> EBITDA Ajustado (R$ Milhões) | B6: EBITDA Ajustado (R$ Milhões) | C6: Adjusted EBITDA (R$ Million)
A7: =IF(Menu!$D$7="Português/Portuguese",B7,C7) -> Estimada | B7: Estimada | C7: Estimated | E7: n.a. | F7: n.a. | G7: n.a. | H7: n.a. | I7: n.a. | J7: n.a. | K7: n.a. | L7: n.a. | M7: n.a. | N7: n.a.
A8: =IF(Menu!$D$7="Português/Portuguese",B8,C8) -> Atingida | B8: Atingida | C8: Achieved | E8: n.a. | F8: n.a. | G8: n.a. | H8: n.a. | I8: n.a. | J8: n.a. | K8: n.a. | L8: n.a. | M8: n.a. | N8: n.a.
A9: =IF(Menu!$D$7="Português/Portuguese",B9,C9) -> Cash Cost (C1 US/ton) | B9: Cash Cost (C1 US/ton) | C9: Cash Cost (C1 US/ton)
A10: =IF(Menu!$D$7="Português/Portuguese",B10,C10) -> Estimada | B10: Estimada | C10: Estimated | E10: $25 - 26,0 | F10: n.a. | G10: n.a. | H10: n.a. | I10: n.a. | J10: n.a. | K10: n.a. | L10: n.a. | M10: n.a. | N10: n.a.
A11: =IF(Menu!$D$7="Português/Portuguese",B11,C11) -> Atingida | B11: Atingida | C11: Achieved | E11: n.a. | F11: n.a. | G11: n.a. | H11: n.a. | I11: n.a. | J11: n.a. | K11: n.a. | L11: n.a. | M11: n.a. | N11: n.a.
A12: =IF(Menu!$D$7="Português/Portuguese",B12,C12) -> Capex (R$ Milhões) | B12: Capex (R$ Milhões) | C12: Capex (R$ Million)
A13: =IF(Menu!$D$7="Português/Portuguese",B13,C13) -> Estimada | B13: Estimada | C13: Estimated | E13: n.a. | F13: n.a. | G13: n.a. | H13: n.a. | I13: n.a. | J13: n.a. | K13: n.a. | L13: n.a. | M13: n.a. | N13: n.a.
A14: =IF(Menu!$D$7="Português/Portuguese",B14,C14) -> Atingida | B14: Atingida | C14: Achieved | E14: n.a. | F14: n.a. | G14: n.a. | H14: n.a. | I14: n.a. | J14: n.a. | K14: n.a. | L14: n.a. | M14: n.a. | N14: n.a.
A15: =IF(Menu!$D$7="Português/Portuguese",B15,C15) -> Volume de Produção de Minério de Ferro (Compras+Produção em mil ton) | B15: Volume de Produção de Minério de Ferro (Compras+Produção em mil ton) | C15: Iron Ore Production Volume (Production + Purchases in thousand tons)
A16: =IF(Menu!$D$7="Português/Portuguese",B16,C16) -> Estimada | B16: Estimada | C16: Estimated | E16: 39,0 - 41,0 | F16: 43,5 - 47,5 | G16: 50 - 55 | H16: 55 - 60 | I16: 60 - 65 | J16: n.a. | K16: n.a. | L16: n.a. | M16: n.a. | N16: n.a.
A17: =IF(Menu!$D$7="Português/Portuguese",B17,C17) -> Atingida | B17: Atingida | C17: Achieved | E17: n.a. | F17: n.a. | G17: n.a. | H17: n.a. | I17: n.a. | J17: n.a. | K17: n.a. | L17: n.a. | M17: n.a. | N17: n.a.
A18: =IF(Menu!$D$7="Português/Portuguese",B18,C18) -> Potencial de Geração de EBITDA incremental com P15 (R$ milhões) | B18: Potencial de Geração de EBITDA incremental com P15 (R$ milhões) | C18: Potential Incremental EBITDA Generation from P15
A19: =IF(Menu!$D$7="Português/Portuguese",B19,C19) -> Estimada | B19: Estimada | C19: Estimated | E19: n.a. | F19: n.a. | G19: n.a. | H19: n.a. | I19: n.a. | J19: n.a. | K19: n.a. | L19: 4000 | M19: n.a. | N19: n.a.
A20: =IF(Menu!$D$7="Português/Portuguese",B20,C20) -> Atingida | B20: Atingida | C20: Achieved | E20: n.a. | F20: n.a. | G20: n.a. | H20: n.a. | I20: n.a. | J20: n.a. | K20: n.a. | L20: n.a. | M20: n.a. | N20: n.a.

Sheet Bal Patrimonial | Balance Sheet
E2: 44286 | F2: 44377 | G2: 44469 | H2: 44561 | J2: 44651 | K2: 44742 | L2: 44834 | M2: 44926 | O2: 45016 | P2: 45107 | Q2: 45199 | R2: 45291 | T2: 45382 | U2: 45473 | V2: 45565 | W2: 45657 | Y2: 45747 | Z2: 45838 | AA2: 45930 | AB2: 46022 | AD2: 46112 | AE2: 46203 | AF2: 46295 | AG2: 46387
E3: 03/31/2021 | F3: 06/30/2021 | G3: 09/30/2021 | H3: 12/31/2021 | J3: 03/31/2022 | K3: 06/30/2022 | L3: 09/30/2022 | M3: 12/31/2022 | O3: 03/31/2023 | P3: 06/30/2023 | Q3: 09/30/2023 | R3: 12/31/2023 | T3: 03/31/2024 | U3: 06/30/2024 | V3: 09/30/2024 | W3: 12/31/2024 | Y3: 03/31/2025 | Z3: 06/30/2025 | AA3: 09/30/2025 | AB3: 12/31/2025 | AD3: 03/31/2026 | AE3: 06/30/2026 | AF3: 09/30/2026 | AG3: 12/31/2026
A4: =IF(Menu!$D$7="Português/Portuguese",B4,C4) -> Valores em R$ (´000) | B4: Valores em R$ (´000) | C4: Values in R$ ('000) | E4: =IF(Menu!$D$7="Português/Portuguese",E2,E3) -> 44286 | F4: =IF(Menu!$D$7="Português/Portuguese",F2,F3) -> 44377 | G4: =IF(Menu!$D$7="Português/Portuguese",G2,G3) -> 44469 | H4: =IF(Menu!$D$7="Português/Portuguese",H2,H3) -> 44561 | J4: =IF(Menu!$D$7="Português/Portuguese",J2,J3) -> 44651 | K4: =IF(Menu!$D$7="Português/Portuguese",K2,K3) -> 44742 | L4: =IF(Menu!$D$7="Português/Portuguese",L2,L3) -> 44834 | M4: =IF(Menu!$D$7="Português/Portuguese",M2,M3) -> 44926 | O4: =IF(Menu!$D$7="Português/Portuguese",O2,O3) -> 45016 | P4: =IF(Menu!$D$7="Português/Portuguese",P2,P3) -> 45107 | Q4: =IF(Menu!$D$7="Português/Portuguese",Q2,Q3) -> 45199 | R4: =IF(Menu!$D$7="Português/Portuguese",R2,R3) -> 45291 | T4: =IF(Menu!$D$7="Português/Portuguese",T2,T3) -> 45382 | U4: =IF(Menu!$D$7="Português/Portuguese",U2,U3) -> 45473 | V4: =IF(Menu!$D$7="Português/Portuguese",V2,V3) -> 45565 | W4: =IF(Menu!$D$7="Português/Portuguese",W2,W3) -> 45657 | Y4: =IF(Menu!$D$7="Português/Portuguese",Y2,Y3) -> 45747 | Z4: =IF(Menu!$D$7="Português/Portuguese",Z2,Z3) -> 45838 | AA4: =IF(Menu!$D$7="Português/Portuguese",AA2,AA3) -> 45930 | AB4: =IF(Menu!$D$7="Português/Portuguese",AB2,AB3) -> 46022 | AD4: =IF(Menu!$D$7="Português/Portuguese",AD2,AD3) -> 46112 | AE4: 46203 | AF4: =IF(Menu!$D$7="Português/Portuguese",AF2,AF3) -> 46295 | AG4: =IF(Menu!$D$7="Português/Portuguese",AG2,AG3) -> 46387
A5: =IF(Menu!$D$7="Português/Portuguese",B5,C5) -> Ativo | B5: Ativo | C5: Assets
A6: =IF(Menu!$D$7="Português/Portuguese",B6,C6) -> Ativo Circulante | B6: Ativo Circulante | C6: Current Assets | E6: =SUM(E7:E12) -> 8714352 | F6: =SUM(F7:F12) -> 13838984 | G6: =SUM(G7:G12) -> 14545213 | H6: =SUM(H7:H12) -> 12797847 | J6: =SUM(J7:J12) -> 9740577 | K6: =SUM(K7:K12) -> 9528471 | L6: =SUM(L7:L12) -> 11651602 | M6: =SUM(M7:M12) -> 9617117 | O6: =SUM(O7:O12) -> 12541976 | P6: =SUM(P7:P12) -> 10482450 | Q6: =SUM(Q7:Q12) -> 13472894 | R6: =SUM(R7:R12) -> 12987583 | T6: =SUM(T7:T12) -> 12983945 | U6: =SUM(U7:U12) -> 13779473 | V6: =SUM(V7:V12) -> 16603526 | W6: =SUM(W7:W12) -> 17832106 | Y6: =SUM(Y7:Y12)-1 -> 16680740 | Z6: =SUM(Z7:Z12) -> 16982284 | AA6: =SUM(AA7:AA12) -> 16750738 | AB6: =SUM(AB7:AB12)-1 -> 12084606 | AD6: =SUM(AD7:AD12) -> 12686700 | AE6: =SUM(AE7:AE12) -> 11437315
A7: =IF(Menu!$D$7="Português/Portuguese",B7,C7) -> Caixa e Equivalentes de Caixa | B7: Caixa e Equivalentes de Caixa | C7: Cash and Cash Equivalents | E7: 5116457 | F7: 9065450 | G7: 11830791 | H7: 10716802 | J7: 6352605 | K7: 7369032 | L7: 9583962 | M7: 6489572 | O7: 9013831 | P7: 7848198 | Q7: 10622092 | R7: 9795878 | T7: 10409096 | U7: 11773696 | V7: 14479020 | W7: 15185928 | Y7: 14281539 | Z7: 14354813 | AA7: 13584743 | AB7: 8871892 | AD7: 8842373 | AE7: 7920160
A8: =IF(Menu!$D$7="Português/Portuguese",B8,C8) -> Aplicações Financeiras | B8: Aplicações Financeiras | C8: Financial Applications | E8: 1431 | F8: 1886 | G8: 212739 | H8: 217023 | J8: 222685 | K8: 226229 | L8: 136927 | M8: 247326 | O8: 237186 | P8: 11248 | Q8: 12084 | R8: 12452 | T8: 12836 | U8: 13164 | V8: 13530 | W8: 13891 | Y8: 14320 | Z8: 14799 | AA8: 17444 | AB8: 18074 | AD8: 18700 | AE8: 19242
A9: =IF(Menu!$D$7="Português/Portuguese",B9,C9) -> Contas a Receber | B9: Contas a Receber | C9: Accounts Receivable | E9: 2693170 | F9: 3629355 | G9: 895340 | H9: 749766 | J9: 2068539 | K9: 790965 | L9: 657217 | M9: 1545463 | O9: 1657386 | P9: 857774 | Q9: 1397789 | R9: 1712870 | T9: 432504 | U9: 901031 | V9: 688910 | W9: 1506580 | Y9: 973080 | Z9: 892974 | AA9: 1543609 | AB9: 1914795 | AD9: 2257136 | AE9: 1895014
A10: =IF(Menu!$D$7="Português/Portuguese",B10,C10) -> Estoques | B10: Estoques | C10: Inventory | E10: 608621 | F10: 949040 | G10: 1253443 | H10: 855205 | J10: 821117 | K10: 865463 | L10: 818002 | M10: 923849 | O10: 1140770 | P10: 1083020 | Q10: 916364 | R10: 935979 | T10: 755748 | U10: 700595 | V10: 729454 | W10: 777848 | Y10: 847936 | Z10: 869275 | AA10: 818767 | AB10: 825422 | AD10: 833780 | AE10: 764202
A11: =IF(Menu!$D$7="Português/Portuguese",B11,C11) -> Impostos a recuperar | B11: Impostos a recuperar | C11: Taxes to be recovered | E11: 29622 | F11: 41010 | G11: 52205 | H11: 105989 | J11: 115047 | K11: 116571 | L11: 135972 | M11: 177737 | O11: 213897 | P11: 281680 | Q11: 298308 | R11: 227624 | T11: 147203 | U11: 196603 | V11: 437521 | W11: 70613 | Y11: 171092 | Z11: 438965 | AA11: 279211 | AB11: 104913 | AD11: 265245 | AE11: 190393
A12: =IF(Menu!$D$7="Português/Portuguese",B12,C12) -> Outros Ativos Circulantes | B12: Outros Ativos Circulantes | C12: Other Current Assets | E12: 265051 | F12: 152243 | G12: 300695 | H12: 153062 | J12: 160584 | K12: 160211 | L12: 319522 | M12: 233170 | O12: 278906 | P12: 400530 | Q12: 226257 | R12: 302780 | T12: 1226558 | U12: 194384 | V12: 255091 | W12: 277246 | Y12: 392774 | Z12: 411458 | AA12: 506964 | AB12: 349511 | AD12: 469466 | AE12: 648304
A13: =IF(Menu!$D$7="Português/Portuguese",B13,C13) -> Adiantamentos a fornecedores | B13: Adiantamentos a fornecedores | C13: Prepaid Expenses | E13: 92543 | F13: 91779 | G13: 89175 | H13: 90952 | J13: 91358 | K13: 96082 | L13: 98102 | M13: 100696 | O13: 95784 | P13: 91448 | Q13: 48805 | R13: 10230 | T13: 44277 | U13: 97134 | V13: 162011 | W13: 142611 | Y13: 145949 | Z13: 160493 | AA13: 159008 | AB13: 146440 | AD13: 254638.8 | AE13: 246372
A14: =IF(Menu!$D$7="Português/Portuguese",B14,C14) -> Instrumentos financeiros derivativos | B14: Instrumentos financeiros derivativos | C14: Derivative financial instruments | E14: 0 | F14: 0 | G14: 0 | H14: 0 | J14: 0 | K14: 0 | L14: 0 | M14: 0 | O14: 0 | P14: 0 | Q14: 0 | R14: 0 | T14: 966907 | U14: 0 | V14: 0 | W14: 0 | Y14: 0 | Z14: 0 | AA14: 0 | AB14: 0 | AD14: 4080.2661 | AE14: 0
A15: =IF(Menu!$D$7="Português/Portuguese",B15,C15) -> Outros | B15: Outros | C15: Other | E15: 172508 | F15: 60464 | G15: 211520 | H15: 62110 | J15: 69226 | K15: 64129 | L15: 221420 | M15: 132474 | O15: 183122 | P15: 309082 | Q15: 177452 | R15: 292550 | T15: 215374 | U15: 97250 | V15: 98508 | W15: 134635 | Y15: 246825 | Z15: 250965 | AA15: 347956 | AB15: 203071 | AD15: 210746.94 | AE15: 401932
A16: =IF(Menu!$D$7="Português/Portuguese",B16,C16) -> Ativo Não Circulante | B16: Ativo Não Circulante | C16: Non current Assets | E16: =SUM(E17:E20,E23:E24,E28) -> 13090264 | F16: =SUM(F17:F20,F23:F24,F28) -> 13486985 | G16: =SUM(G17:G20,G23:G24,G28) -> 13815368 | H16: =SUM(H17:H20,H23:H24,H28) -> 14193287 | J16: =SUM(J17:J20,J23:J24,J28) -> 14307501 | K16: =SUM(K17:K20,K23:K24,K28) -> 14612140 | L16: =SUM(L17:L20,L23:L24,L28) -> 14856353 | M16: =SUM(M17:M20,M23:M24,M28) -> 15436479 | O16: =SUM(O17:O20,O23:O24,O28) -> 15557816 | P16: =SUM(P17:P20,P23:P24,P28) -> 15826804 | Q16: =SUM(Q17:Q20,Q23:Q24,Q28) -> 16152220 | R16: =SUM(R17:R20,R23:R24,R28) -> 16703022 | T16: =SUM(T17:T20,T23:T24,T28) -> 16742020 | U16: =SUM(U17:U20,U23:U24,U28) -> 17076033 | V16: =SUM(V17:V20,V23:V24,V28) -> 17856523 | W16: =SUM(W17:W20,W23:W24,W28) -> 18558813 | Y16: =SUM(Y17:Y20,Y23:Y24,Y28)-1 -> 18640278 | Z16: =SUM(Z17:Z20,Z23:Z24,Z28) -> 19008828 | AA16: =SUM(AA17:AA20,AA23:AA24,AA28) -> 19562373 | AB16: =SUM(AB17:AB20,AB23:AB24,AB28) -> 21468968 | AD16: =SUM(AD17:AD20,AD23:AD24,AD28) -> 21501780 | AE16: =SUM(AE17:AE20,AE23:AE24,AE28) -> 22410123
A17: =IF(Menu!$D$7="Português/Portuguese",B17,C17) -> Tributos Diferidos | B17: Tributos Diferidos | C17: Deferred Taxes | E17: 0 | F17: 0 | G17: 0 | H17: 0 | J17: 0 | K17: 0 | L17: 0 | M17: 0 | O17: 0 | P17: 0 | Q17: 0 | R17: 0 | T17: 0 | U17: 0 | V17: 0 | W17: 143709 | Y17: 0 | Z17: 0 | AA17: 2972 | AB17: 5598 | AD17: 4230 | AE17: 3278
A18: =IF(Menu!$D$7="Português/Portuguese",B18,C18) -> Impostos a recuperar | B18: Impostos a recuperar | C18: Recoverable Taxes | E18: 77746 | F18: 94358 | G18: 114504 | H18: 117230 | J18: 117670 | K18: 116279 | L18: 113965 | M18: 114336 | O18: 115347 | P18: 118990 | Q18: 117581 | R18: 291251 | T18: 196649 | U18: 193218 | V18: 162785 | W18: 281507 | Y18: 264780 | Z18: 285555 | AA18: 366590 | AB18: 551143 | AD18: 445310 | AE18: 718146
A19: =IF(Menu!$D$7="Português/Portuguese",B19,C19) -> Estoques LP | B19: Estoques LP | C19: Long-term Inventories | E19: 381175 | F19: 428434 | G19: 491159 | H19: 656193 | J19: 703008 | K19: 798765 | L19: 942552 | M19: 1039983 | O19: 1134889 | P19: 1225678 | Q19: 1311820 | R19: 1412103 | T19: 1501929 | U19: 1592389 | V19: 1694983 | W19: 1761172 | Y19: 1859807 | Z19: 1954823 | AA19: 2030856 | AB19: 2073526 | AD19: 2136768 | AE19: 2251878
A20: =IF(Menu!$D$7="Português/Portuguese",B20,C20) -> Outros Ativos Não Circulantes | B20: Outros Ativos Não Circulantes | C20: Other Non-current Assets | E20: 264527 | F20: 243125 | G20: 218278 | H20: 193420 | J20: 174364 | K20: 152313 | L20: 131693 | M20: 113131 | O20: 91437 | P20: 85080 | Q20: 89512 | R20: 110926 | T20: 113216 | U20: 138591 | V20: 571961 | W20: 536687 | Y20: 520576 | Z20: 479813 | AA20: 472262 | AB20: 452021 | AD20: 428151 | AE20: 411781
A21: =IF(Menu!$D$7="Português/Portuguese",B21,C21) -> Adiantamentos a fornecedores | B21: Adiantamentos a fornecedores | C21: Advances to Suppliers | E21: 200511 | F21: 175910 | G21: 148625 | H21: 128849 | J21: 109960 | K21: 88075 | L21: 65402 | M21: 41694 | O21: 16141 | P21: 239 | Q21: 2803 | R21: 4177 | T21: 4341 | U21: 4341 | V21: 426087 | W21: 402406 | Y21: 380330 | Z21: 353912 | AA21: 336925 | AB21: 314569 | AD21: 288816.72 | AE21: 246372
A22: =IF(Menu!$D$7="Português/Portuguese",B22,C22) -> Outros ativos | B22: Outros ativos | C22: Other Assets | E22: 64016 | F22: 67215 | G22: 69653 | H22: 64571 | J22: 64404 | K22: 64238 | L22: 66291 | M22: 71437 | O22: 75296 | P22: 84841 | Q22: 86709 | R22: 106749 | T22: 108875 | U22: 134250 | V22: 145874 | W22: 134281 | Y22: 140246 | Z22: 125901 | AA22: 135337 | AB22: 137453 | AD22: 139333.28 | AE22: 145267.88
A23: =IF(Menu!$D$7="Português/Portuguese",B23,C23) -> Investimentos | B23: Investimentos | C23: Investments | E23: 1236512 | F23: 1271294 | G23: 1334601 | H23: 1313186 | J23: 1329013 | K23: 1364642 | L23: 1421294 | M23: 1425588 | O23: 1449833 | P23: 1509379 | Q23: 1577420 | R23: 1577155 | T23: 1639647 | U23: 1703187 | V23: 1768310 | W23: 1774066 | Y23: 1824114 | Z23: 1911552 | AA23: 1994950 | AB23: 3061007 | AD23: 2971247 | AE23: 3095981
A24: =IF(Menu!$D$7="Português/Portuguese",B24,C24) -> Imobilizado | B24: Imobilizado | C24: Property, Plant and Equipment (PP&E) | E24: 6894524 | F24: 7221814 | G24: 7433888 | H24: 7692003 | J24: 7765025 | K24: 7967143 | L24: 8037440 | M24: 8356288 | O24: 8385565 | P24: 8516627 | Q24: 8694229 | R24: 8958768 | T24: 8945519 | U24: 9110866 | V24: 9326308 | W24: 9704951 | Y24: 9820926 | Z24: 10030770 | AA24: 10356293 | AB24: 10994169 | AD24: 11190051 | AE24: 11608118
A25: =IF(Menu!$D$7="Português/Portuguese",B25,C25) -> Imobilizado em Operação | B25: Imobilizado em Operação | C25: Property, Plant and Equipment in Operation | E25: 4921380 | F25: 5042709 | G25: 5364258 | H25: 5697599 | J25: 5792135 | K25: 5877936 | L25: 6129805 | M25: 6767821 | O25: 6674423 | P25: 6663321 | Q25: 6605488 | R25: 6934291 | T25: 7020411 | U25: 7070493 | V25: 7065480 | W25: 7106751 | Y25: 7011639 | Z25: 6938283 | AA25: 6915762 | AB25: 6898524 | AD25: 6802122 | AE25: 6863383
A26: =IF(Menu!$D$7="Português/Portuguese",B26,C26) -> Direito de Uso em Arrendamento | B26: Direito de Uso em Arrendamento | C26: Right-of-Use Assets (Leases) | E26: 87419 | F26: 86304 | G26: 112895 | H26: 125672 | J26: 123070 | K26: 136211 | L26: 132840 | M26: 129091 | O26: 125522 | P26: 122312 | Q26: 117576 | R26: 116085 | T26: 114593 | U26: 177471 | V26: 113056 | W26: 110239 | Y26: 115601 | Z26: 110680 | AA26: 106868 | AB26: 119109 | AD26: 142777 | AE26: 135883
A27: =IF(Menu!$D$7="Português/Portuguese",B27,C27) -> Imobilizado em Andamento | B27: Imobilizado em Andamento | C27: Assets Under Construction | E27: 1885725 | F27: 2092801 | G27: 1956735 | H27: 1868732 | J27: 1849820 | K27: 1952996 | L27: 1774795 | M27: 1459376 | O27: 1585620 | P27: 1730994 | Q27: 1971165 | R27: 1908392 | T27: 1810515 | U27: 1922902 | V27: 2147772 | W27: 2487961 | Y27: 2693686 | Z27: 2981807 | AA27: 3333663 | AB27: 3976536 | AD27: 4245152 | AE27: 4608852
A28: =IF(Menu!$D$7="Português/Portuguese",B28,C28) -> Intangível | B28: Intangível | C28: Intangible Assets | E28: 4235780 | F28: 4227960 | G28: 4222938 | H28: 4221255 | J28: 4218421 | K28: 4212998 | L28: 4209409 | M28: 4387153 | O28: 4380745 | P28: 4371050 | Q28: 4361658 | R28: 4352819 | T28: 4345060 | U28: 4337782 | V28: 4332176 | W28: 4356721 | Y28: 4350076 | Z28: 4346315 | AA28: 4338450 | AB28: 4331504 | AD28: 4326023 | AE28: 4320941
A29: =IF(Menu!$D$7="Português/Portuguese",B29,C29) -> Total do Ativo | B29: Total do Ativo | C29: Total Assets | E29: =SUM(E16,E6) -> 21804616 | F29: =SUM(F16,F6) -> 27325969 | G29: =SUM(G16,G6) -> 28360581 | H29: =SUM(H16,H6) -> 26991134 | J29: =SUM(J16,J6) -> 24048078 | K29: =SUM(K16,K6) -> 24140611 | L29: =SUM(L16,L6) -> 26507955 | M29: =SUM(M16,M6) -> 25053596 | O29: =SUM(O16,O6) -> 28099792 | P29: =SUM(P16,P6) -> 26309254 | Q29: =SUM(Q16,Q6) -> 29625114 | R29: =SUM(R16,R6) -> 29690605 | T29: =SUM(T16,T6) -> 29725965 | U29: =SUM(U16,U6) -> 30855506 | V29: =SUM(V16,V6) -> 34460049 | W29: =SUM(W16,W6) -> 36390919 | Y29: =SUM(Y16,Y6) -> 35321018 | Z29: =SUM(Z16,Z6) -> 35991112 | AA29: =SUM(AA16,AA6) -> 36313111 | AB29: =SUM(AB16,AB6) -> 33553574 | AD29: =SUM(AD16,AD6) -> 34188480 | AE29: =SUM(AE16,AE6) -> 33847438
A30: =IF(Menu!$D$7="Português/Portuguese",B30,C30) -> 0
A31: =IF(Menu!$D$7="Português/Portuguese",B31,C31) -> Passivo e Patrimônio Líquido | B31: Passivo e Patrimônio Líquido | C31: Liabilities and Equity
A32: =IF(Menu!$D$7="Português/Portuguese",B32,C32) -> Passivo e Patrimônio Líquido | B32: Passivo e Patrimônio Líquido | C32: Current Liabilities | E32: =SUM(E33:E40,E44) -> 4400123 | F32: =SUM(F33:F40,F44) -> 6372933 | G32: =SUM(G33:G40,G44) -> 7369763 | H32: =SUM(H33:H40,H44) -> 6532583 | J32: =SUM(J33:J40,J44) -> 3570380 | K32: =SUM(K33:K40,K44) -> 3806027 | L32: =SUM(L33:L40,L44) -> 4204096 | M32: =SUM(M33:M40,M44) -> 4642824 | O32: =SUM(O33:O40,O44) -> 4256069 | P32: =SUM(P33:P40,P44) -> 3833023 | Q32: =SUM(Q33:Q40,Q44) -> 4551259 | R32: =SUM(R33:R40,R44) -> 6069785 | T32: =SUM(T33:T40,T44) -> 4659971 | U32: =SUM(U33:U40,U44) -> 5165901 | V32: =SUM(V33:V40,V44) -> 9323970 | W32: =SUM(W33:W40,W44) -> 7545988 | Y32: =SUM(Y33:Y40,Y44)-1 -> 7442910 | Z32: =SUM(Z33:Z40,Z44)+1 -> 9523221 | AA32: =SUM(AA33:AA40,AA44) -> 8283088 | AB32: =SUM(AB33:AB40,AB44) -> 10039250 | AD32: =SUM(AD33:AD40,AD44) -> 9233494 | AE32: =SUM(AE33:AE40,AE44) -> 9750279
A33: =IF(Menu!$D$7="Português/Portuguese",B33,C33) -> Obrigações Sociais e Trabalhistas | B33: Obrigações Sociais e Trabalhistas | C33: Payroll and Social Obligations | E33: 69211 | F33: 84912 | G33: 98304 | H33: 75320 | J33: 79117 | K33: 95616 | L33: 103167 | M33: 82196 | O33: 83200 | P33: 100981 | Q33: 114704 | R33: 92972 | T33: 95141 | U33: 117327 | V33: 130435 | W33: 102121 | Y33: 107646 | Z33: 129502 | AA33: 135688 | AB33: 107051 | AD33: 110604 | AE33: 130642
A34: =IF(Menu!$D$7="Português/Portuguese",B34,C34) -> Fornecedores | B34: Fornecedores | C34: Suppliers | E34: 1619709 | F34: 1958788 | G34: 1497437 | H34: 1150427 | J34: 1111644 | K34: 1134960 | L34: 1107268 | M34: 1384390 | O34: 1485456 | P34: 1555921 | Q34: 1618377 | R34: 1843187 | T34: 1290963 | U34: 1786792 | V34: 1991804 | W34: 2067209 | Y34: 1791588 | Z34: 1983236 | AA34: 2179892 | AB34: 2171640 | AD34: 1674759 | AE34: 2135631
A35: =IF(Menu!$D$7="Português/Portuguese",B35,C35) -> Fornecedores Risco Sacado | B35: Fornecedores Risco Sacado | C35: Supplier Financing | E35: 0 | F35: 0 | G35: 0 | H35: 0 | J35: 0 | K35: 0 | L35: 0 | M35: 0 | O35: 0 | P35: 0 | Q35: 0 | R35: 0 | T35: 0 | U35: 104617 | V35: 123718 | W35: 187773 | Y35: 189448 | Z35: 204275 | AA35: 349397 | AB35: 537233 | AD35: 359710 | AE35: 172719
A36: =IF(Menu!$D$7="Português/Portuguese",B36,C36) -> Obrigações Fiscais | B36: Obrigações Fiscais | C36: Tax Liabilities | E36: 1521982 | F36: 2605027 | G36: 2585823 | H36: 2270111 | J36: 495417 | K36: 612368 | L36: 583998 | M36: 432216 | O36: 460477 | P36: 345696 | Q36: 609227 | R36: 538795 | T36: 228066 | U36: 460868 | V36: 198704 | W36: 219552 | Y36: 225895 | Z36: 359876 | AA36: 281264 | AB36: 346416 | AD36: 234686 | AE36: 156278
A37: =IF(Menu!$D$7="Português/Portuguese",B37,C37) -> Empréstimos e Financiamentos | B37: Empréstimos e Financiamentos | C37: Loans and Financing | E37: 58858 | F37: 255410 | G37: 320726 | H37: 478410 | J37: 780219 | K37: 841869 | L37: 879978 | M37: 1045990 | O37: 630502 | P37: 368348 | Q37: 421551 | R37: 445182 | T37: 522273 | U37: 679504 | V37: 1203168 | W37: 1340018 | Y37: 1090110 | Z37: 1581100 | AA37: 1562918 | AB37: 1650923 | AD37: 1524135 | AE37: 1592962
A38: =IF(Menu!$D$7="Português/Portuguese",B38,C38) -> Adiantamento de clientes | B38: Adiantamento de clientes | C38: Advances from Customers | E38: 958304 | F38: 967924 | G38: 2685694 | H38: 1974014 | J38: 892690 | K38: 868612 | L38: 1367430 | M38: 945808 | O38: 916083 | P38: 1314644 | Q38: 1538878 | R38: 1710383 | T38: 1600723 | U38: 1843340 | V38: 2445383 | W38: 3193893 | Y38: 3585816 | Z38: 3470209 | AA38: 3594890 | AB38: 3782726 | AD38: 3888257 | AE38: 3786270
A39: =IF(Menu!$D$7="Português/Portuguese",B39,C39) -> Dividendos e JCP a pagar | B39: Dividendos e JCP a pagar | C39: Dividends and Interest on Equity Payable | E39: 0 | F39: 288405 | G39: 0 | H39: 402456 | J39: -914 | K39: -913 | L39: 0 | M39: 74566 | O39: 74569 | P39: 0 | Q39: 0 | R39: 369960 | T39: 369960 | U39: 0 | V39: 2930251 | W39: 179868 | Y39: 178426 | Z39: 1448069 | AA39: 0 | AB39: 1163385 | AD39: 1163385 | AE39: 1163385
A40: =IF(Menu!$D$7="Português/Portuguese",B40,C40) -> Outras Obrigações | B40: Outras Obrigações | C40: Other Liabilities | E40: 165016 | F40: 206193 | G40: 174220 | H40: 175948 | J40: 206565 | K40: 248053 | L40: 159564 | M40: 674542 | O40: 602984 | P40: 143691 | Q40: 244999 | R40: 1065250 | T40: 548146 | U40: 167422 | V40: 290203 | W40: 244602 | Y40: 262475 | Z40: 336843 | AA40: 172854 | AB40: 274160 | AD40: =230789+42516 -> 273305 | AE40: 606144
A41: =IF(Menu!$D$7="Português/Portuguese",B41,C41) -> Passivos de arredamentos | B41: Passivos de arredamentos | C41: Lease Liabilities | E41: 7881 | F41: 7592 | G41: 10099 | H41: 19624 | J41: 20302 | K41: 21651 | L41: 20921 | M41: 17533 | O41: 15377 | P41: 13204 | Q41: 11998 | R41: 11412 | T41: 11139 | U41: 17617 | V41: 14392 | W41: 12257 | Y41: 18357 | Z41: 14795 | AA41: 12187 | AB41: 16846 | AD41: 42516 | AE41: 37285
A42: =IF(Menu!$D$7="Português/Portuguese",B42,C42) -> Instrumentos financeiros derivativos | B42: Instrumentos financeiros derivativos | C42: Derivative Financial Instruments | E42: 0 | F42: 32155 | G42: 0 | H42: 0 | J42: 0 | K42: 0 | L42: 0 | M42: 416935 | O42: 350632 | P42: 0 | Q42: 87099 | R42: 936027 | T42: 0 | U42: 0 | V42: 0 | W42: 932602 | Y42: 0 | Z42: 244 | AA42: 0 | AB42: 0 | AD42: 0 | AE42: 0
A43: =IF(Menu!$D$7="Português/Portuguese",B43,C43) -> Outras obrigações | B43: Outras obrigações | C43: Other Liabilities | E43: 157135 | F43: 166446 | G43: 164121 | H43: 156324 | J43: 186263 | K43: 226402 | L43: 138643 | M43: 240074 | O43: 236975 | P43: 130487 | Q43: 145902 | R43: 117811 | T43: 537007 | U43: 149805 | V43: 275811 | W43: 232345 | Y43: 244118 | Z43: 321804 | AA43: 160667 | AB43: 257314 | AD43: 230789 | AE43: 568859
A44: =IF(Menu!$D$7="Português/Portuguese",B44,C44) -> Provisões Fiscais Previdenciárias Trabalhistas e Cíveis | B44: Provisões Fiscais Previdenciárias Trabalhistas e Cíveis | C44: Tax, Social Security, Labor and Civil Provisions | E44: 7043 | F44: 6274 | G44: 7559 | H44: 5897 | J44: 5642 | K44: 5462 | L44: 2691 | M44: 3116 | O44: 2798 | P44: 3742 | Q44: 3523 | R44: 4056 | T44: 4699 | U44: 6031 | V44: 10304 | W44: 10952 | Y44: 11507 | Z44: 10110 | AA44: 6185 | AB44: 5716 | AD44: 4653 | AE44: 6248
A45: =IF(Menu!$D$7="Português/Portuguese",B45,C45) -> Passivo Não Circulante | B45: Passivo Não Circulante | C45: Non-Current Liabilities | E45: =SUM(E46:E50,E54:E55) -> 4159918 | F45: =SUM(F46:F50,F54:F55) -> 5462071 | G45: =SUM(G46:G50,G54:G55) -> 6751226 | H45: =SUM(H46:H50,H54:H55) -> 6460264 | J45: =SUM(J46:J50,J54:J55) -> 5737786 | K45: =SUM(K46:K50,K54:K55) -> 7589126 | L45: =SUM(L46:L50,L54:L55) -> 9135718 | M45: =SUM(M46:M50,M54:M55) -> 9017345 | O45: =SUM(O46:O50,O54:O55) -> 11753880 | P45: =SUM(P46:P50,P54:P55) -> 12011586 | Q45: =SUM(Q46:Q50,Q54:Q55) -> 13629631 | R45: =SUM(R46:R50,R54:R55) -> 12922123 | T45: =SUM(T46:T50,T54:T55) -> 12981588 | U45: =SUM(U46:U50,U54:U55) -> 13943091 | V45: =SUM(V46:V50,V54:V55) -> 16190749 | W45: =SUM(W46:W50,W54:W55) -> 18575817 | Y45: =SUM(Y46:Y50,Y54:Y55)-1 -> 17643191 | Z45: =SUM(Z46:Z50,Z54:Z55)+1 -> 17229558 | AA45: =SUM(AA46:AA50,AA54:AA55) -> 17931735 | AB45: =SUM(AB46:AB50,AB54:AB55) -> 16833516 | AD45: =SUM(AD46:AD50,AD54:AD55) -> 17874241 | AE45: =SUM(AE46:AE50,AE54:AE55) -> 16757558
A46: =IF(Menu!$D$7="Português/Portuguese",B46,C46) -> Empréstimos, Financiamentos e Debêntures | B46: Empréstimos, Financiamentos e Debêntures | C46: Loans, Financing and Debentures | E46: 1336424 | F46: 2914860 | G46: 4330093 | H46: 4234652 | J46: 3539568 | K46: 5821626 | L46: 7304525 | M46: 7350418 | O46: 7663576 | P46: 7209500 | Q46: 8026569 | R46: 7733799 | T46: 7800116 | U46: 8220235 | V46: 7537172 | W46: 8788702 | Y46: 8734886 | Z46: 7688668 | AA46: 7672686 | AB46: 7535494 | AD46: 7605580 | AE46: 7371544
A47: =IF(Menu!$D$7="Português/Portuguese",B47,C47) -> Fornecedores | B47: Fornecedores | C47: Trade Payables | E47: 79768 | F47: 57824 | G47: 49652 | H47: 54113 | J47: 35834 | K47: 28391 | L47: 21462 | M47: 31917 | O47: 11620 | P47: 8153 | Q47: 4388 | R47: 14987 | T47: 8396 | U47: 3697 | V47: 3113 | W47: 42324 | Y47: 4907 | Z47: 804 | AA47: 955 | AB47: 2503 | AD47: 2608 | AE47: 1838
A48: =IF(Menu!$D$7="Português/Portuguese",B48,C48) -> Adiantamento de clientes | B48: Adiantamento de clientes | C48: Advance of customers | E48: 1510889 | F48: 1250461 | G48: 1122586 | H48: 945100 | J48: 781101 | K48: 572522 | L48: 740641 | M48: 637188 | O48: 3028512 | P48: 3534768 | Q48: 4462025 | R48: 4168120 | T48: 3757129 | U48: 4695586 | V48: 7585071 | W48: 8808268 | Y48: 7936435 | Z48: 8438870 | AA48: 9020518 | AB48: 8128989 | AD48: 8991703 | AE48: 7987367
A49: =IF(Menu!$D$7="Português/Portuguese",B49,C49) -> Passivos ambientais e desativação | B49: Passivos ambientais e desativação | C49: Environmental and Decommissioning Liabilities | E49: 460050 | F49: 474243 | G49: 489213 | H49: 513745 | J49: 529409 | K49: 527820 | L49: 490858 | M49: 486275 | O49: 495593 | P49: 507245 | Q49: 516834 | R49: 531046 | T49: 554025 | U49: 569185 | V49: 582839 | W49: 605167 | Y49: 635668 | Z49: 652797 | AA49: 671748 | AB49: 681783 | AD49: 703734 | AE49: 733310
A50: =IF(Menu!$D$7="Português/Portuguese",B50,C50) -> Outras Obrigações | B50: Outras Obrigações | C50: Other Liabilities | E50: 299565 | F50: 291679 | G50: 301970 | H50: 304430 | J50: 449330 | K50: 398684 | L50: 344095 | M50: 365554 | O50: 320214 | P50: 312536 | Q50: 301923 | R50: 287074 | T50: 257124 | U50: 245289 | V50: 235191 | W50: 232789 | Y50: 215260 | Z50: 213506 | AA50: 207632 | AB50: 213609 | AD50: =SUM(AD51:AD53) -> 206300 | AE50: 203179
A51: =IF(Menu!$D$7="Português/Portuguese",B51,C51) -> Passivos de Arrendamento | B51: Passivos de Arrendamento | C51: Lease Liabilities | E51: 79459 | F51: 79215 | G51: 104088 | H51: 108433 | J51: 105662 | K51: 119347 | L51: 117711 | M51: 117847 | O51: 117422 | P51: 116988 | Q51: 114068 | R51: 113627 | T51: 113176 | U51: 110604 | V51: 110144 | W51: 110071 | Y51: 110720 | Z51: 110009 | AA51: 109394 | AB51: 117768 | AD51: 117089 | AE51: 116396
A52: =IF(Menu!$D$7="Português/Portuguese",B52,C52) -> Tributos a Recolher | B52: Tributos a Recolher | C52: Taxes Payable | E52: 156189 | F52: 146317 | G52: 129505 | H52: 125391 | J52: 291670 | K52: 225553 | L52: 170814 | M52: 113055 | O52: 87739 | P52: 79762 | Q52: 71332 | R52: 57215 | T52: 47888 | U52: 38142 | V52: 28020 | W52: 20482 | Y52: 18754 | Z52: 16987 | AA52: 15188 | AB52: 13318 | AD52: 11342 | AE52: 9416
A53: =IF(Menu!$D$7="Português/Portuguese",B53,C53) -> Outras Contas a Pagar | B53: Outras Contas a Pagar | C53: Other Accounts Payable | E53: 63917 | F53: 66147 | G53: 68377 | H53: 70606 | J53: 51998 | K53: 53784 | L53: 55570 | M53: 134652 | O53: 115053 | P53: 115786 | Q53: 116523 | R53: 116233 | T53: 96600 | U53: 96543 | V53: 97027 | W53: 102236 | Y53: 85786 | Z53: 86511 | AA53: 83050 | AB53: 82523 | AD53: 77869 | AE53: 77367
A54: =IF(Menu!$D$7="Português/Portuguese",B54,C54) -> Tributos Diferidos | B54: Tributos Diferidos | C54: Deferred Tax Liabilities, | E54: 417936 | F54: 417928 | G54: 405073 | H54: 352231 | J54: 346395 | K54: 183234 | L54: 169360 | M54: 81323 | O54: 163537 | P54: 366454 | Q54: 242928 | R54: 114050 | T54: 525209 | U54: 118651 | V54: 152946 | W54: 0 | Y54: 9520 | Z54: 119540 | AA54: 233873 | AB54: 132773 | AD54: 220659 | AE54: 322047
A55: =IF(Menu!$D$7="Português/Portuguese",B55,C55) -> Provisões Fiscais, Previdenciárias, Trabalhistas e Cívies | B55: Provisões Fiscais, Previdenciárias, Trabalhistas e Cívies | C55: Tax, Social Security, Labor and Civil Provisions | E55: 55286 | F55: 55076 | G55: 52639 | H55: 55993 | J55: 56149 | K55: 56849 | L55: 64777 | M55: 64670 | O55: 70828 | P55: 72930 | Q55: 74964 | R55: 73047 | T55: 79589 | U55: 90448 | V55: 94417 | W55: 98567 | Y55: 106516 | Z55: 115372 | AA55: 124323 | AB55: 138365 | AD55: 143657 | AE55: 138273
A56: =IF(Menu!$D$7="Português/Portuguese",B56,C56) -> Patrimônio Líquido | B56: Patrimônio Líquido | C56: Equity | E56: =SUM(E57:E64) -> 13244575 | F56: =SUM(F57:F64) -> 15490965 | G56: =SUM(G57:G64) -> 14239592 | H56: =SUM(H57:H64) -> 13998287 | J56: =SUM(J57:J64) -> 14739912 | K56: =SUM(K57:K64) -> 12745458 | L56: =SUM(L57:L64) -> 13168141 | M56: =SUM(M57:M64) -> 11393427 | O56: =SUM(O57:O64) -> 12089843 | P56: =SUM(P57:P64) -> 10464645 | Q56: =SUM(Q57:Q64) -> 11444224 | R56: =SUM(R57:R64) -> 10698697 | T56: =SUM(T57:T64) -> 12084406 | U56: =SUM(U57:U64) -> 11746514 | V56: =SUM(V57:V64) -> 8945330 | W56: =SUM(W57:W64) -> 10269114 | Y56: =SUM(Y57:Y64)-2 -> 10234916 | Z56: =SUM(Z57:Z64) -> 9238333 | AA56: =SUM(AA57:AA64) -> 10098288 | AB56: =SUM(AB57:AB64) -> 6680808 | AD56: =SUM(AD57:AD64) -> 7080745 | AE56: =SUM(AE57:AE64) -> 7339601
A57: =IF(Menu!$D$7="Português/Portuguese",B57,C57) -> Capital Social Realizado | B57: Capital Social Realizado | C57: Share Capital | E57: 7473980 | F57: 7473980 | G57: 7473980 | H57: 7473980 | J57: 7473980 | K57: 7473980 | L57: 7473980 | M57: 7473980 | O57: 7473980 | P57: 7473980 | Q57: 7473980 | R57: 7473980 | T57: 7473980 | U57: 7473980 | V57: =[2]Sheet1!B50 -> 7473980 | W57: =[2]Sheet1!C50 -> 7473980 | Y57: 7473980 | Z57: 7473980 | AA57: 7473980 | AB57: 7473980 | AD57: 7473980 | AE57: 7473980
A58: =IF(Menu!$D$7="Português/Portuguese",B58,C58) -> Reserva de Capital | B58: Reserva de Capital | C58: Capital Reserves | E58: 119478 | F58: 127042 | G58: 127042 | H58: 127042 | J58: 127042 | K58: 127042 | L58: 127042 | M58: 127042 | O58: 127042 | P58: 127042 | Q58: 127042 | R58: 127042 | T58: 127042 | U58: 127042 | V58: =[2]Sheet1!B51 -> 127042 | W58: =[2]Sheet1!C51 -> 127042 | Y58: 127042 | Z58: 127042 | AA58: 127042 | AB58: -2224036 | AD58: -2224036 | AE58: -2224036
A59: =IF(Menu!$D$7="Português/Portuguese",B59,C59) -> Reservas de Lucros | B59: Reservas de Lucros | C59: Retained Earnings | E59: 2961436 | F59: 2673030 | G59: 2673030 | H59: 6722465 | J59: 6722465 | K59: 3548953 | L59: 3548953 | M59: 3966773 | O59: 3966771 | P59: 1784860 | Q59: 1784860 | R59: 3273934 | T59: 3273934 | U59: 2248894 | V59: 1424753 | W59: =[2]Sheet1!C52 -> 3240661 | Y59: 3240661 | Z59: 1940661 | AA59: 1940661 | AB59: 1494796 | AD59: 1494796 | AE59: 1366275
A60: =IF(Menu!$D$7="Português/Portuguese",B60,C60) -> Ações em Tesouraria | B60: Ações em Tesouraria | C60: Treasury Shares | E60: 0 | F60: 0 | G60: -180820 | H60: -651017 | J60: -651017 | K60: 0 | L60: 0 | M60: 0 | O60: 0 | P60: 0 | Q60: 0 | R60: 0 | T60: 0 | U60: 0 | V60: 0 | W60: 0 | Y60: 0 | Z60: 0 | AA60: 0 | AB60: 0 | AD60: 0 | AE60: 0
A61: =IF(Menu!$D$7="Português/Portuguese",B61,C61) -> Lucro/(Prejuizo) Acumulado | B61: Lucro/(Prejuizo) Acumulado | C61: Accumulated Losses | E61: 2362662 | F61: 4863301 | G61: 3819310 | H61: 0 | J61: 739141 | K61: 1564863 | L61: 2078919 | M61: 0 | O61: 515798 | P61: 730545 | Q61: 1930471 | R61: 0 | T61: 557938 | U61: 2065380 | V61: 11486 | W61: 0 | Y61: -357258 | Z61: -241402 | AA61: 455063 | AB61: 0 | AD61: 222368 | AE61: 442014
A62: =IF(Menu!$D$7="Português/Portuguese",B62,C62) -> Ajustes de Avaliação Patrimonial | B62: Ajustes de Avaliação Patrimonial | C62: Equity Valuation Adjustments | E62: 322635 | F62: 322635 | G62: 322635 | H62: 322635 | J62: 322635 | K62: 322635 | L62: 322635 | M62: 322635 | O62: 322635 | P62: 322635 | Q62: 322635 | R62: 322635 | T62: 322635 | U62: 322635 | V62: 322635 | W62: 322635 | Y62: 322635 | Z62: 322635 | AA62: 322635 | AB62: 322636 | AD62: 322635 | AE62: 322635
A63: =IF(Menu!$D$7="Português/Portuguese",B63,C63) -> Outros Resultados Abrangentes | B63: Outros Resultados Abrangentes | C63: Other Comprehensive Income (OCI) | E63: 4384 | F63: 30977 | G63: 4415 | H63: 3182 | J63: 5666 | K63: -292015 | L63: -383388 | M63: -497003 | O63: -316383 | P63: 25583 | Q63: -194764 | R63: -498894 | T63: 328877 | U63: -491417 | V63: -414566 | W63: -895204 | Y63: -573284 | Z63: -385633 | AA63: -221945 | AB63: -387250 | AD63: -209439 | AE63: -41457
A64: =IF(Menu!$D$7="Português/Portuguese",B64,C64) -> Participação de não controladores | B64: Participação de não controladores | C64: Non-controlling Interests | E64: 0 | F64: 0 | G64: 0 | H64: 0 | J64: 0 | K64: 0 | L64: 0 | M64: 0 | O64: 0 | P64: 0 | Q64: 0 | R64: 0 | T64: 0 | U64: 0 | V64: 0 | W64: 0 | Y64: 1142 | Z64: 1050 | AA64: 852 | AB64: 682 | AD64: 441 | AE64: 190
A65: =IF(Menu!$D$7="Português/Portuguese",B65,C65) -> Total do Passivo e Patrimônio Líquido | B65: Total do Passivo e Patrimônio Líquido | C65: Total Liabilities and Stockholders’ Equity | E65: =SUM(E56,E45,E32) -> 21804616 | F65: =SUM(F56,F45,F32) -> 27325969 | G65: =SUM(G56,G45,G32) -> 28360581 | H65: =SUM(H56,H45,H32) -> 26991134 | J65: =SUM(J56,J45,J32) -> 24048078 | K65: =SUM(K56,K45,K32) -> 24140611 | L65: =SUM(L56,L45,L32) -> 26507955 | M65: =SUM(M56,M45,M32) -> 25053596 | O65: =SUM(O56,O45,O32) -> 28099792 | P65: =SUM(P56,P45,P32) -> 26309254 | Q65: =SUM(Q56,Q45,Q32) -> 29625114 | R65: =SUM(R56,R45,R32) -> 29690605 | T65: =SUM(T56,T45,T32) -> 29725965 | U65: =SUM(U56,U45,U32) -> 30855506 | V65: =SUM(V56,V45,V32) -> 34460049 | W65: =SUM(W56,W45,W32) -> 36390919 | Y65: =SUM(Y56,Y45,Y32)+1 -> 35321018 | Z65: =SUM(Z56,Z45,Z32) -> 35991112 | AA65: =SUM(AA56,AA45,AA32) -> 36313111 | AB65: =SUM(AB56,AB45,AB32) -> 33553574 | AD65: =SUM(AD56,AD45,AD32) -> 34188480 | AE65: =SUM(AE56,AE45,AE32) -> 33847438

Sheet DRE | Income Statement
E2: 1T20 | F2: 2T20 | G2: 3T20 | H2: 4T20 | I2: 2020 | K2: 1T21 | L2: 2T21 | M2: 3T21 | N2: 4T21 | O2: 2021 | Q2: 1T22 | R2: 2T22 | S2: 3T22 | T2: 4T22 | U2: 2022 | W2: 1T23 | X2: 2T23 | Y2: 3T23 | Z2: 4T23 | AA2: 2023 | AC2: 1T24 | AD2: 2T24 | AE2: 3T24 | AF2: 4T24 | AG2: 2024 | AI2: 1T25 | AJ2: 2T25 | AK2: 3T25 | AL2: 4T25 | AM2: 2025 | AO2: 1T26 | AP2: 2T26 | AQ2: 3T26 | AR2: 4T26 | AS2: 2026
E3: 1Q20 | F3: 2Q20 | G3: 3Q20 | H3: 4Q20 | I3: 2020 | K3: 1Q21 | L3: 2Q21 | M3: 3Q21 | N3: 4Q21 | O3: 2021 | Q3: 1Q22 | R3: 2Q22 | S3: 3Q22 | T3: 4Q22 | U3: 2022 | W3: 1Q23 | X3: 2Q23 | Y3: 3Q23 | Z3: 4Q23 | AA3: 2023 | AC3: 1Q24 | AD3: 2Q24 | AE3: 3Q24 | AF3: 4Q24 | AG3: 2024 | AI3: 1Q25 | AJ3: 2Q25 | AK3: 3Q25 | AL3: 3Q26 | AM3: 2025 | AO3: 1Q26 | AP3: 2Q26 | AQ3: 3Q26 | AR3: 4Q26 | AS3: 2026
A4: =IF(Menu!$D$7="Português/Portuguese",B4,C4) -> DEMONSTRAÇÃO DE RESULTADO CONSOLIDADO | B4: DEMONSTRAÇÃO DE RESULTADO CONSOLIDADO | C4: INCOME STATEMENT CONSOLIDATED
A5: =IF(Menu!$D$7="Português/Portuguese",B5,C5) -> Valores em R$ ('000) | B5: Valores em R$ ('000) | C5: Values in R$ ('000) | E5: =IF(Menu!$D$7="Português/Portuguese",E2,E3) -> 1T20 | F5: =IF(Menu!$D$7="Português/Portuguese",F2,F3) -> 2T20 | G5: =IF(Menu!$D$7="Português/Portuguese",G2,G3) -> 3T20 | H5: =IF(Menu!$D$7="Português/Portuguese",H2,H3) -> 4T20 | I5: =IF(Menu!$D$7="Português/Portuguese",I2,I3) -> 2020 | K5: =IF(Menu!$D$7="Português/Portuguese",K2,K3) -> 1T21 | L5: =IF(Menu!$D$7="Português/Portuguese",L2,L3) -> 2T21 | M5: =IF(Menu!$D$7="Português/Portuguese",M2,M3) -> 3T21 | N5: =IF(Menu!$D$7="Português/Portuguese",N2,N3) -> 4T21 | O5: =IF(Menu!$D$7="Português/Portuguese",O2,O3) -> 2021 | Q5: =IF(Menu!$D$7="Português/Portuguese",Q2,Q3) -> 1T22 | R5: =IF(Menu!$D$7="Português/Portuguese",R2,R3) -> 2T22 | S5: =IF(Menu!$D$7="Português/Portuguese",S2,S3) -> 3T22 | T5: =IF(Menu!$D$7="Português/Portuguese",T2,T3) -> 4T22 | U5: =IF(Menu!$D$7="Português/Portuguese",U2,U3) -> 2022 | W5: =IF(Menu!$D$7="Português/Portuguese",W2,W3) -> 1T23 | X5: =IF(Menu!$D$7="Português/Portuguese",X2,X3) -> 2T23 | Y5: =IF(Menu!$D$7="Português/Portuguese",Y2,Y3) -> 3T23 | Z5: =IF(Menu!$D$7="Português/Portuguese",Z2,Z3) -> 4T23 | AA5: =IF(Menu!$D$7="Português/Portuguese",AA2,AA3) -> 2023 | AC5: =IF(Menu!$D$7="Português/Portuguese",AC2,AC3) -> 1T24 | AD5: =IF(Menu!$D$7="Português/Portuguese",AD2,AD3) -> 2T24 | AE5: =IF(Menu!$D$7="Português/Portuguese",AE2,AE3) -> 3T24 | AF5: =IF(Menu!$D$7="Português/Portuguese",AF2,AF3) -> 4T24 | AG5: =IF(Menu!$D$7="Português/Portuguese",AG2,AG3) -> 2024 | AI5: =IF(Menu!$D$7="Português/Portuguese",AI2,AI3) -> 1T25 | AJ5: =IF(Menu!$D$7="Português/Portuguese",AJ2,AJ3) -> 2T25 | AK5: =IF(Menu!$D$7="Português/Portuguese",AK2,AK3) -> 3T25 | AL5: =IF(Menu!$D$7="Português/Portuguese",AL2,AL3) -> 4T25 | AM5: =IF(Menu!$D$7="Português/Portuguese",AM2,AM3) -> 2025 | AO5: =IF(Menu!$D$7="Português/Portuguese",AO2,AO3) -> 1T26 | AP5: 2T26 | AQ5: =IF(Menu!$D$7="Português/Portuguese",AQ2,AQ3) -> 3T26 | AR5: =IF(Menu!$D$7="Português/Portuguese",AR2,AR3) -> 4T26 | AS5: =IF(Menu!$D$7="Português/Portuguese",AS2,AS3) -> 2026
A6: =IF(Menu!$D$7="Português/Portuguese",B6,C6) -> Receita Líquida de Vendas | B6: Receita Líquida de Vendas | C6: Net Revenue | E6: 1821464 | F6: 2877230 | G6: 4238829 | H6: 4852008 | I6: 13789531 | K6: 5638570 | L6: 7693326 | M6: 3057587 | N6: 2650386 | O6: 19039869 | Q6: 3891712 | R6: 2679299 | S6: 2723538 | T6: 3978016 | U6: 13272565 | W6: 4514331 | X6: 4014012 | Y6: 4839552 | Z6: 5512531 | AA6: 18880426 | AC6: 3510759 | AD6: 4189057 | AE6: 3966836 | AF6: 4829665 | AG6: =SUM(AC6:AF6) -> 16496317 | AI6: 3911382 | AJ6: 4038202 | AK6: 5146073 | AL6: 4929465 | AM6: 18025121 | AO6: 3704133 | AP6: 3613204 | AS6: =SUM(AO6:AR6) -> 7317337
A7: =IF(Menu!$D$7="Português/Portuguese",B7,C7) -> Mercado Interno | B7: Mercado Interno | C7: Domestic Market | E7: 255516 | F7: 332903 | G7: 420543 | H7: 487638 | I7: 1496600 | K7: 784301 | L7: 891296 | M7: 949735 | N7: 427461 | O7: 3052793 | Q7: 492387 | R7: 390254 | S7: 419084 | T7: 319206 | U7: 1620931 | W7: 260136 | X7: 351358 | Y7: 541405 | Z7: 573822 | AA7: 1726721 | AC7: 409308 | AD7: 290506 | AE7: 391312 | AF7: 335313 | AG7: =SUM(AC7:AF7) -> 1426439 | AI7: 412414 | AJ7: 401745 | AK7: 364749 | AL7: 375238 | AM7: 1554145 | AO7: 296610 | AP7: 354336 | AS7: =SUM(AO7:AR7) -> 650946
A8: =IF(Menu!$D$7="Português/Portuguese",B8,C8) -> Mercado Externo | B8: Mercado Externo | C8: Foreign Market | E8: 1565948 | F8: 2544327 | G8: 3818286 | H8: 4364370 | I8: 12292931 | K8: 4854269 | L8: 6802030 | M8: 2107852 | N8: 2222925 | O8: 15987076 | Q8: 3399325 | R8: 2289045 | S8: 2304454 | T8: 3658810 | U8: 11651634 | W8: 4254195 | X8: 3662654 | Y8: 4298147 | Z8: 4938709 | AA8: 17153705 | AC8: 3101451 | AD8: 3898551 | AE8: 3575524 | AF8: 4494352 | AG8: =SUM(AC8:AF8) -> 15069878 | AI8: 3498968 | AJ8: 3636457 | AK8: 4781324 | AL8: 4554227 | AM8: 16470976 | AO8: 3407523 | AP8: 3258868 | AS8: =SUM(AO8:AR8) -> 6666391
A9: =IF(Menu!$D$7="Português/Portuguese",B9,C9) -> Custo dos Produtos Vendidos | B9: Custo dos Produtos Vendidos | C9: Cost of Goods Sold (COGS) | E9: -807177 | F9: -1350311 | G9: -1304771 | H9: -2018349 | I9: -5480608 | K9: -1907069 | L9: -2427624 | M9: -1998327 | N9: -1675245 | O9: -8008265 | Q9: -1603727 | R9: -1835234 | S9: -1777669 | T9: -1866636 | U9: -7083266 | W9: -2227464 | X9: -2622510 | Y9: -2523535 | Z9: -2465549 | AA9: -9839057 | AC9: -1890164 | AD9: -1946282 | AE9: -2063350 | AF9: -2125231 | AG9: =SUM(AC9:AF9) -> -8025027 | AI9: -2237701 | AJ9: -2377876 | AK9: -2645483 | AL9: -2589518 | AM9: -9850577 | AO9: -2034884 | AP9: -2105849.3 | AS9: =SUM(AO9:AR9) -> -4140733.3
A10: =IF(Menu!$D$7="Português/Portuguese",B10,C10) -> CPV, sem Depreciação e Exaustão | B10: CPV, sem Depreciação e Exaustão | C10: COGS, without Depreciation and Exhaustion | E10: -664920 | F10: -1211403 | G10: -1140380 | H10: -1251003 | I10: -4267706 | K10: -1760049 | L10: -2254686 | M10: -1810167 | N10: -1451228 | O10: -7276130 | Q10: -1367420 | R10: -1598279 | S10: -1530791 | T10: -1597180 | U10: -6093670 | W10: -1977519 | X10: -2375279 | Y10: -2261279 | Z10: -2192820 | AA10: -8806896 | AC10: -1608726 | AD10: -1653593 | AE10: -1776498 | AF10: -1843240 | AG10: =SUM(AC10:AF10) -> -6882057 | AI10: -1932029 | AJ10: -2065693 | AK10: -2330003 | AL10: -2272791 | AM10: -8600517 | AO10: -1678660.5 | AP10: -1747745.3 | AS10: =SUM(AO10:AR10) -> -3426405.9
A11: =IF(Menu!$D$7="Português/Portuguese",B11,C11) -> Depreciação/ Exaustão alocada ao custo | B11: Depreciação/ Exaustão alocada ao custo | C11: Depreciation/Exhaustion allocated to cost | E11: -142257 | F11: -138908 | G11: -164391 | H11: -767346 | I11: -1212902 | K11: -147020 | L11: -172938 | M11: -188160 | N11: -224017 | O11: -732135 | Q11: -236307 | R11: -236955 | S11: -246878 | T11: -269456 | U11: -989596 | W11: -249945 | X11: -247231 | Y11: -262256 | Z11: -272729 | AA11: -1032161 | AC11: -281438 | AD11: -292689 | AE11: -286852 | AF11: -281991 | AG11: =SUM(AC11:AF11) -> -1142970 | AI11: -305671 | AJ11: -312183 | AK11: -315480 | AL11: -316726 | AM11: -1250060 | AO11: -356223.03 | AP11: -358104 | AS11: =SUM(AO11:AR11) -> -714327.03
A12: =IF(Menu!$D$7="Português/Portuguese",B12,C12) -> Lucro Bruto | B12: Lucro Bruto | C12: Gross Profit | E12: 1014287 | F12: 1526919 | G12: 2934058 | H12: 2833659 | I12: 8308923 | K12: 3731501 | L12: 5265702 | M12: 1059260 | N12: 975141 | O12: 11031604 | Q12: 2287985 | R12: 844065 | S12: 945869 | T12: 2111380 | U12: 6189299 | W12: 2286867 | X12: 1391502 | Y12: 2316017 | Z12: 3046982 | AA12: 9041369 | AC12: 1620595 | AD12: 2242775 | AE12: 1903486 | AF12: 2704434 | AG12: =SUM(AC12:AF12) -> 8471290 | AI12: 1673681 | AJ12: 1660326 | AK12: 2500589 | AL12: 2339947 | AM12: 8174544 | AO12: 1669249 | AP12: 1507354.7 | AS12: =SUM(AO12:AR12) -> 3176603.7
A13: =IF(Menu!$D$7="Português/Portuguese",B13,C13) -> Margem Bruta (%) | B13: Margem Bruta (%) | C13: Gross Margin (%) | E13: 0.55685262 | F13: 0.53069063 | G13: 0.69218598 | H13: 0.58401779 | I13: 0.60255298 | K13: 0.66178144 | L13: 0.68445065 | M13: 0.34643659 | N13: 0.36792414 | O13: 0.57939495 | Q13: 0.58791221 | R13: 0.31503203 | S13: 0.34729422 | T13: 0.53076207 | U13: 0.46632275 | W13: 0.50657938 | X13: 0.34666115 | Y13: 0.47856021 | Z13: 0.55273739 | AA13: 0.47887526 | AC13: 0.46160816 | AD13: 0.53538899 | AE13: 0.47984994 | AF13: 0.55996306 | AG13: =IFERROR(AG12/AG6,0) -> 0.51352614 | AI13: 0.42790016 | AJ13: 0.41115477 | AK13: 0.48592179 | AL13: =AL12/AL6 -> 0.47468579 | AM13: 0.45350841 | AO13: =AO12/AO6 -> 0.450645 | AP13: =AP12/AP6 -> 0.41717952 | AS13: =AS12/AS6 -> 0.43412019
A14: =IF(Menu!$D$7="Português/Portuguese",B14,C14) -> Despesas/Receitas Operacionais | B14: Despesas/Receitas Operacionais | C14: Operating expenses/income | E14: -483100 | F14: -326737 | G14: -626665 | H14: -612011 | I14: -2006533 | K14: -322624 | L14: -792276 | M14: -31872 | N14: -415334 | O14: -1562106 | Q14: -218290 | R14: -180460 | S14: -261914 | T14: -776065 | U14: -1436729 | W14: -1138329 | X14: -306494 | Y14: -544884 | Z14: -1015288 | AA14: -3004994 | AC14: -785945 | AD14: -521097 | AE14: -1063024 | AF14: -1133915 | AG14: =SUM(AC14:AF14) -> -3503981 | AI14: -550002 | AJ14: -728151 | AK14: -877148 | AL14: -1008103 | AM14: -3163404 | AO14: -745123 | AP14: -744744 | AS14: =SUM(AO14:AR14) -> -1489867
A15: =IF(Menu!$D$7="Português/Portuguese",B15,C15) -> Despesas com Vendas | B15: Despesas com Vendas | C15: Selling expenses | E15: -204104 | F15: -236394 | G15: -398052 | H15: -381417 | I15: -1219967 | K15: -183141 | L15: -450766 | M15: -299027 | N15: -319325 | O15: -1252259 | Q15: -80265 | R15: -148577 | S15: -235784 | T15: -564216 | U15: -1028842 | W15: -479489 | X15: -500198 | Y15: -552875 | Z15: -517708 | AA15: -2050270 | AC15: -737420 | AD15: -866547 | AE15: -1006784 | AF15: -926922 | AG15: =SUM(AC15:AF15) -> -3537673 | AI15: -507748 | AJ15: -653036 | AK15: -783065 | AL15: -850872 | AM15: -2794721 | AO15: -563644.27 | AP15: -795991 | AS15: =SUM(AO15:AR15) -> -1359635.3
A16: =IF(Menu!$D$7="Português/Portuguese",B16,C16) -> Despesas Gerais e Administrativas | B16: Despesas Gerais e Administrativas | C16: General and administrative expenses | E16: -40019 | F16: -38257 | G16: -37866 | H16: -43107 | I16: 159249 | K16: -30727 | L16: -32226 | M16: -37560 | N16: -29608 | O16: -130121 | Q16: -29370 | R16: -25001 | S16: -30935 | T16: -31870 | U16: -117176 | W16: -38925 | X16: -40423 | Y16: -37673 | Z16: -43114 | AA16: -160135 | AC16: -41264 | AD16: -50467 | AE16: -44740 | AF16: -44310 | AG16: 180714 | AI16: -44338 | AJ16: -51165 | AK16: -41571 | AL16: -44536 | AM16: -181609 | AO16: -41953.654 | AP16: -51377 | AS16: =SUM(AO16:AR16) -> -93330.654
A17: Depreciação e Amortização em Despesas | E17: -11 | F17: -12 | G17: -12 | H17: -12 | I17: 47 | K17: -12 | L17: -12 | M17: -11 | N17: -9 | O17: -44 | Q17: -6 | R17: -1 | S17: -1 | T17: -264 | U17: -272 | W17: -265 | X17: -263 | Y17: -264 | Z17: -262 | AA17: -1054 | AC17: -265 | AD17: -392 | AE17: -339 | AF17: -342 | AG17: =SUM(AC17:AF17) -> -1338 | AI17: -4685 | AJ17: -4107 | AK17: -2983 | AL17: -8180 | AM17: -19955 | AO17: -508.39898 | AP17: -507 | AS17: =SUM(AO17:AR17) -> -1015.399
A18: =IF(Menu!$D$7="Português/Portuguese",B18,C18) -> Outras Receitas Operacionais | B18: Outras Receitas Operacionais | C18: Other operating income | E18: -20989 | F18: 4018 | G18: 5392 | H18: 2487 | I18: 32886 | K18: 3580 | L18: -2130 | M18: 3532 | N18: 24986 | O18: 29968 | Q18: 407 | R18: 24448 | S18: -7453 | T18: -12872 | U18: 4530 | W18: 708 | X18: 218 | Y18: 738 | Z18: 127046 | AA18: 128710 | AC18: 1623 | AD18: 478722 | AE18: -6827 | AF18: -30116 | AG18: 449434 | AI18: 40943 | AJ18: 48203 | AK18: 3322 | AL18: 5986 | AM18: 98454 | AO18: 29737 | AP18: 199861 | AS18: =SUM(AO18:AR18) -> 229598
A19: =IF(Menu!$D$7="Português/Portuguese",B19,C19) -> Outras Despesas Operacionais | B19: Outras Despesas Operacionais | C19: Other operating expenses | E19: -197542 | F19: -76084 | G19: -214567 | H19: -220499 | I19: -708692 | K19: -119066 | L19: -333755 | M19: 249041 | N19: -97925 | O19: -301705 | Q19: -120098 | R19: -57925 | S19: -34424 | T19: -199084 | U19: -411531 | W19: -634579 | X19: 188155 | Y19: -9339 | Z19: -618677 | AA19: -1074439 | AC19: -48753 | AD19: -128593 | AE19: -54623 | AF19: -177600 | AG19: -415604 | AI19: -71216 | AJ19: -141776 | AK19: -113252 | AL19: -165429 | AM19: -491673 | AO19: -165778 | AP19: -179351 | AS19: =SUM(AO19:AR19) -> -345129
A20: =IF(Menu!$D$7="Português/Portuguese",B20,C20) -> Resultado de Equivalência Patrimonial | B20: Resultado de Equivalência Patrimonial | C20: Equity Result with Affiliated Companies | E20: -20435 | F20: 19992 | G20: 18440 | H20: 30537 | I20: 48534 | K20: 6742 | L20: 26613 | M20: 52153 | N20: 6547 | O20: 92055 | Q20: 11042 | R20: 26596 | S20: 46683 | T20: 32241 | U20: 116562 | W20: 14221 | X20: 46017 | Y20: 54529 | Z20: 37427 | AA20: 152194 | AC20: 40134 | AD20: 46180 | AE20: 50289 | AF20: 45375 | AG20: =SUM(AC20:AF20) -> 181978 | AI20: 37042 | AJ20: 73730 | AK20: 60401 | AL20: 54928 | AM20: 226102 | AO20: -2976 | AP20: 82621 | AS20: =SUM(AO20:AR20) -> 79645
A21: =IF(Menu!$D$7="Português/Portuguese",B21,C21) -> Lucro Operacional Antes do Resultado Financeiro | B21: Lucro Operacional Antes do Resultado Financeiro | C21: Operating Profit Before Financial Result | E21: 573165 | F21: 1200182 | G21: 2307393 | H21: 2221648 | I21: 6302388 | K21: 3408877 | L21: 4473426 | M21: 1027389 | N21: 559807 | O21: 9469498 | Q21: 2069695 | R21: 663605 | S21: 683955 | T21: 1335315 | U21: 4752570 | W21: 1148538 | X21: 1085008 | Y21: 1771133 | Z21: 2031694 | AA21: 6036375 | AC21: 834650 | AD21: 1721678 | AE21: 840462 | AF21: 1570519 | AG21: =SUM(AC21:AF21) -> 4967309 | AI21: 1123679 | AJ21: 932177 | AK21: 1623442 | AL21: 1331844 | AM21: 5011142 | AO21: 924126 | AP21: 762610.7 | AS21: =SUM(AO21:AR21) -> 1686736.7
A22: =IF(Menu!$D$7="Português/Portuguese",B22,C22) -> Receitas Financeiras | B22: Receitas Financeiras | C22: Financial Income | E22: 10236 | F22: 7393 | G22: 5317 | H22: 5274 | I22: 28220 | K22: 9535 | L22: 23864 | M22: 58148 | N22: 58001 | O22: 149548 | Q22: 77227 | R22: 54967 | S22: 109316 | T22: 102737 | U22: 344247 | W22: 127864 | X22: 124169 | Y22: 119653 | Z22: 164795 | AA22: 536481 | AC22: 132704 | AD22: 172528 | AE22: 166406 | AF22: 248140 | AG22: =SUM(AC22:AF22) -> 719778 | AI22: 302859 | AJ22: 96558 | AK22: 203327 | AL22: 184457 | AM22: 787202 | AO22: 115756 | AP22: 119518 | AS22: =SUM(AO22:AR22) -> 235274
A23: =IF(Menu!$D$7="Português/Portuguese",B23,C23) -> Despesas Financeiras | B23: Despesas Financeiras | C23: Financial Expenses | E23: -70351 | F23: -62065 | G23: -76775 | H23: -194990 | I23: -404181 | K23: -90595 | L23: -71565 | M23: -187293 | N23: -131452 | O23: -480905 | Q23: -138851 | R23: -148624 | S23: -165305 | T23: -199233 | U23: -652013 | W23: -217186 | X23: -331646 | Y23: -288465 | Z23: -270947 | AA23: -1108244 | AC23: -335060 | AD23: -310881 | AE23: -386015 | AF23: -560059 | AG23: =SUM(AC23:AF23) -> -1592015 | AI23: -571358 | AJ23: -324316 | AK23: -358688 | AL23: -373085 | AM23: -1627447 | AO23: -378039 | AP23: -327898 | AS23: =SUM(AO23:AR23) -> -705937
A24: =IF(Menu!$D$7="Português/Portuguese",B24,C24) -> Variação Cambial Líquida de Instrumentos Financeiros | B24: Variação Cambial Líquida de Instrumentos Financeiros | C24: Net Foreign Exchange Variation on Financial Instruments | E24: 94093 | F24: -32555 | G24: -24306 | H24: -173662 | I24: -136430 | K24: 157120 | L24: -591101 | M24: 267423 | N24: 233061 | O24: 66503 | Q24: -903390 | R24: 661973 | S24: 119047 | T24: -342032 | U24: -464402 | W24: -291830 | X24: -298837 | Y24: 171568 | Z24: -238955 | AA24: -658054 | AC24: 158266 | AD24: 574764 | AE24: -205622 | AF24: 1126647 | AG24: =SUM(AC24:AF24) -> 1654055 | AI24: -1046865 | AJ24: -522301 | AK24: -411267 | AL24: 257876 | AM24: -1722557 | AO24: -363725 | AP24: =-282236-1 -> -282237 | AS24: =SUM(AO24:AR24) -> -645962
A25: =IF(Menu!$D$7="Português/Portuguese",B25,C25) -> Outras Despesas Financeiras | B25: Outras Despesas Financeiras | C25: Other Financial Expenses | E25: 0 | F25: 0 | G25: 0 | H25: 0 | I25: 0 | K25: 0 | L25: 0 | M25: 0 | N25: 0 | O25: 0 | Q25: 0 | R25: 0 | S25: 0 | T25: 0 | U25: 0 | W25: 0 | X25: 0 | Y25: 0 | Z25: 0 | AA25: 0 | AC25: 0 | AD25: 0 | AE25: 0 | AF25: 0 | AG25: =SUM(AC25:AF25) -> 0 | AI25: 0 | AJ25: 0 | AK25: 0 | AL25: 0 | AM25: 0 | AO25: 0 | AP25: 0 | AS25: =SUM(AO25:AR25) -> 0
A26: =IF(Menu!$D$7="Português/Portuguese",B26,C26) -> Resultado Antes dos Tributos sobre o Lucro | B26: Resultado Antes dos Tributos sobre o Lucro | C26: Profit Before Income Taxes | E26: 607143 | F26: 1112955 | G26: 2211629 | H26: 1858270 | I26: 5789997 | K26: 3484937 | L26: 3834624 | M26: 1165667 | N26: 719417 | O26: 9204644 | Q26: 1104681 | R26: 1231921 | S26: 747013 | T26: 896787 | U26: 3980402 | W26: 767386 | X26: 578694 | Y26: 1773890 | Z26: 1686587 | AA26: 4806558 | AC26: 790560 | AD26: 2158089 | AE26: 415231 | AF26: 2385247 | AG26: =SUM(AC26:AF26) -> 5749127 | AI26: -191685 | AJ26: 182119 | AK26: 1056815 | AL26: 1401093 | AM26: 2448341 | AO26: 298118 | AP26: 271994 | AS26: =SUM(AO26:AR26) -> 570112
A27: =IF(Menu!$D$7="Português/Portuguese",B27,C27) -> Imposto de Renda e Contribuição Social sobre o Lucro | B27: Imposto de Renda e Contribuição Social sobre o Lucro | C27: Income Tax and Social Contribution | E27: -205903 | F27: -292954 | G27: -744148 | H27: -516282 | I27: -1759287 | K27: -1122276 | L27: -1333984 | M27: -361603 | N27: -15815 | O27: -2833678 | Q27: -365540 | R27: -406200 | S27: -232956 | T27: -25408 | U27: -1030104 | W27: -251589 | X27: -84514 | Y27: -573962 | Z27: -327756 | AA27: -1237821 | AC27: -232622 | AD27: -650647 | AE27: 31075 | AF27: -369213 | AG27: =SUM(AC27:AF27) -> -1221407 | AI27: -165603 | AJ27: -66352 | AK27: -360548 | AL27: -206679 | AM27: -799182 | AO27: -75991 | AP27: -52599 | AS27: =SUM(AO27:AR27) -> -128590
A28: =IF(Menu!$D$7="Português/Portuguese",B28,C28) -> Resultado Líquido das Operações Continuadas | B28: Resultado Líquido das Operações Continuadas | C28: Net Profit from Continuing Operations | E28: 401240 | F28: 820001 | G28: 1467481 | H28: 1341988 | I28: 4030710 | K28: 2362661 | L28: 2500640 | M28: 804064 | N28: 703602 | O28: 6370966 | Q28: 739141 | R28: 825721 | S28: 514057 | T28: 871379 | U28: 2950298 | W28: 515797 | X28: 494180 | Y28: 1199928 | Z28: 1358831 | AA28: 3568737 | AC28: 557938 | AD28: 1507442 | AE28: 446306 | AF28: 2016034 | AG28: =SUM(AC28:AF28) -> 4527720 | AI28: -357288 | AJ28: 115767 | AK28: 696267 | AL28: 1194414 | AM28: 1649159 | AO28: 222127 | AP28: 219395 | AS28: =SUM(AO28:AR28) -> 441522
A29: =IF(Menu!$D$7="Português/Portuguese",B29,C29) -> Resultado Líquido de Operações Descontinuadas | B29: Resultado Líquido de Operações Descontinuadas | C29: Net Profit from Discontinued Operations | E29: 0 | F29: 0 | G29: 0 | H29: 0 | I29: 0 | K29: 0 | L29: 0 | M29: 0 | N29: 0 | O29: 0 | Q29: 0 | R29: 0 | S29: 0 | T29: 0 | U29: 0 | W29: 0 | X29: 0 | Y29: 0 | Z29: 0 | AA29: 0 | AC29: 0 | AD29: 0 | AE29: 0 | AF29: 0 | AG29: =SUM(AC29:AF29) -> 0 | AI29: 0 | AJ29: 0 | AK29: 0 | AL29: 0 | AM29: 0 | AO29: 0 | AP29: 0 | AS29: =SUM(AO29:AR29) -> 0
A30: =IF(Menu!$D$7="Português/Portuguese",B30,C30) -> Lucro/Prejuízo Consolidado do Período | B30: Lucro/Prejuízo Consolidado do Período | C30: Consolidated Profit/(Loss) for the Period | E30: 401240 | F30: 820001 | G30: 1467481 | H30: 1341988 | I30: 4030710 | K30: 2362661 | L30: 2500640 | M30: 804064 | N30: 703602 | O30: 6370966 | Q30: 739141 | R30: 825721 | S30: 514057 | T30: 871379 | U30: 2950298 | W30: 515797 | X30: 494180 | Y30: 1199928 | Z30: 1358831 | AA30: 3568737 | AC30: 557938 | AD30: 1507442 | AE30: 446306 | AF30: 2016034 | AG30: =SUM(AC30:AF30) -> 4527720 | AI30: -357288 | AJ30: 115767 | AK30: 696267 | AL30: 1194414 | AM30: 1649159 | AO30: 222127 | AP30: 219395 | AS30: =SUM(AO30:AR30) -> 441522
A31: =IF(Menu!$D$7="Português/Portuguese",B31,C31) -> Atribuído a Sócios da Empresa Controladora | B31: Atribuído a Sócios da Empresa Controladora | C31: Attributable to Owners of the Controller Company | E31: 401240 | F31: 820001 | G31: 1467481 | H31: 1341988 | I31: 4030710 | K31: 2362661 | L31: 2500640 | M31: 804064 | N31: 703602 | O31: 6370966 | Q31: 739141 | R31: 825721 | S31: 514057 | T31: 871379 | U31: 2950298 | W31: 515797 | X31: 494180 | Y31: 1199928 | Z31: 1358831 | AA31: 3568737 | AC31: 557938 | AD31: 1507442 | AE31: 446306 | AF31: 2016034 | AG31: =SUM(AC31:AF31) -> 4527720 | AI31: 357316 | AJ31: 115858 | AK31: 649466 | AL31: 1176473 | AM31: 1649647 | AO31: 222368 | AP31: 219646 | AS31: =SUM(AO31:AR31) -> 442014
A32: =IF(Menu!$D$7="Português/Portuguese",B32,C32) -> Atribuído a Sócios Não Controladores | B32: Atribuído a Sócios Não Controladores | C32: Attributable to Non-Controlling Interests | E32: 0 | F32: 0 | G32: 0 | H32: 0 | I32: 0 | K32: 0 | L32: 0 | M32: 0 | N32: 0 | O32: 0 | Q32: 0 | R32: 0 | S32: 0 | T32: 0 | U32: 0 | W32: 0 | X32: 0 | Y32: 0 | Z32: 0 | AA32: 0 | AC32: 0 | AD32: 0 | AE32: 0 | AF32: 0 | AG32: =SUM(AC32:AF32) -> 0 | AI32: -28 | AJ32: -91 | AK32: -198 | AL32: -369 | AM32: -488 | AO32: -241 | AP32: -251 | AS32: =SUM(AO32:AR32) -> -492
A33: =IF(Menu!$D$7="Português/Portuguese",B33,C33) -> Lucro Básico por Ação ON | B33: Lucro Básico por Ação ON | C33: Basic Earnings per Common Share (ON) | E33: 2.21678 | F33: 4.53034 | G33: 8.10754 | H33: 7.41422 | I33: 22.26888 | K33: 0.42666 | L33: 0.4516 | M33: 0.14436 | N33: 0.12423 | O33: 1.14685 | Q33: 0.13305 | R33: 0.15053 | S33: 0.0379 | T33: 0.21636 | U33: 0.53784 | W33: 0.09403 | X33: 0.09009 | Y33: 0.21875 | Z33: 0.2477 | AA33: 0.65057 | AC33: 0.10171 | AD33: 0.27481 | AE33: 0.08216 | AF33: 0.36897 | AG33: 0.82765 | AI33: -0.06531 | AJ33: 0.02121 | AK33: 0.12821 | AL33: 0.21958 | AM33: =SUM(AI33:AL33) -> 0.30369 | AO33: 0.04056 | AP33: 0.04047 | AS33: =SUM(AO33:AR33) -> 0.08103
A35: =IF(Menu!$D$7="Português/Portuguese",B35,C35) -> DRE AJUSTADA - BASE FOB | B35: DRE AJUSTADA - BASE FOB | C35: ADJUSTED INCOME STATEMENT - FOB BASIS
A36: =IF(Menu!$D$7="Português/Portuguese",B36,C36) -> Valores em R$ ('000) | B36: Valores em R$ ('000) | C36: Values in R$ ('000) | E36: =E5 -> 1T20 | F36: =F5 -> 2T20 | G36: =G5 -> 3T20 | H36: =H5 -> 4T20 | I36: =I5 -> 2020 | K36: =K5 -> 1T21 | L36: =L5 -> 2T21 | M36: =M5 -> 3T21 | N36: =N5 -> 4T21 | O36: =O5 -> 2021 | Q36: =Q5 -> 1T22 | R36: =R5 -> 2T22 | S36: =S5 -> 3T22 | T36: =T5 -> 4T22 | U36: =U5 -> 2022 | W36: =W5 -> 1T23 | X36: =X5 -> 2T23 | Y36: =Y5 -> 3T23 | Z36: =Z5 -> 4T23 | AA36: =AA5 -> 2023 | AC36: =AC5 -> 1T24 | AD36: =AD5 -> 2T24 | AE36: =AE5 -> 3T24 | AF36: =AF5 -> 4T24 | AG36: =AG5 -> 2024 | AI36: =AI5 -> 1T25 | AJ36: =AJ5 -> 2T25 | AK36: =AK5 -> 3T25 | AL36: =AL5 -> 4T25 | AM36: =AM5 -> 2025 | AO36: =AO5 -> 1T26 | AP36: 2T26 | AQ36: =AQ5 -> 3T26 | AR36: =AR5 -> 4T26 | AS36: =AS5 -> 2026
A37: =IF(Menu!$D$7="Português/Portuguese",B37,C37) -> Receita Líquida de Vendas | B37: Receita Líquida de Vendas | C37: Net Sales Revenue | E37: 1821464 | F37: 2877230 | G37: 4238829 | H37: 4852008 | I37: 13789531 | K37: 5638570 | L37: 7693326 | M37: 3057587 | N37: 2650386 | O37: 19039869 | Q37: 3891712 | R37: 2679299 | S37: 2723538 | T37: 3978016 | U37: 13272565 | W37: 4514331 | X37: 4014012 | Y37: 4839552 | Z37: 5512531 | AA37: 18880426 | AC37: 3510759 | AD37: 4189057 | AE37: 3966836 | AF37: 4829665 | AG37: 16496317 | AI37: 3911382 | AJ37: 4038202 | AK37: 5146073 | AL37: 4929465 | AM37: 18025121 | AO37: 3704133 | AP37: 3613204 | AS37: =SUM(AO37:AR37) -> 7317337
A38: =IF(Menu!$D$7="Português/Portuguese",B38,C38) -> Frete e seguros marítimo | B38: Frete e seguros marítimo | C38: Freight and Insurance | E38: -183597 | F38: -204140 | G38: -308559 | H38: -336110 | I38: -1032402 | K38: -165049 | L38: -348618 | M38: -274900 | N38: -269510 | O38: -1058077 | Q38: -53385 | R38: -92553 | S38: -214984 | T38: -465630 | U38: -826552 | W38: -399599 | X38: -403091 | Y38: -529928 | Z38: -494117 | AA38: -1826735 | AC38: -705951 | AD38: -865417 | AE38: -993603 | AF38: -922305 | AG38: -3487276 | AI38: -499200 | AJ38: -631992 | AK38: -740998 | AL38: -820112 | AM38: -2692302 | AO38: =AO39-AO37 -> -538689 | AP38: -745736 | AS38: =SUM(AO38:AR38) -> -1284425
A39: =IF(Menu!$D$7="Português/Portuguese",B39,C39) -> Receita Líquida de Vendas - BASE FOB | B39: Receita Líquida de Vendas - BASE FOB | C39: Adjusted Net Revenue – FOB basis | E39: 1637867 | F39: 2673090 | G39: 3930270 | H39: 4515898 | I39: 12757129 | K39: 5473521 | L39: 7344708 | M39: 2782687 | N39: 2380876 | O39: 17981792 | Q39: 3838327 | R39: 2586746 | S39: 2508554 | T39: 3512386 | U39: 12446013 | W39: 4114732 | X39: 3610921 | Y39: 4309624 | Z39: 5018414 | AA39: 17053691 | AC39: 2804808 | AD39: 3323640 | AE39: 2973233 | AF39: 3907360 | AG39: 13009041 | AI39: 3412182 | AJ39: 3406210 | AK39: 4405075 | AL39: 4109352 | AM39: 15332819 | AO39: 3165444 | AP39: 2867468 | AS39: =SUM(AO39:AR39) -> 6032912
A40: =IF(Menu!$D$7="Português/Portuguese",B40,C40) -> Custo dos Produtos Vendidos | B40: Custo dos Produtos Vendidos | C40: Cost of Goods Sold (COGS) | E40: -807177 | F40: -1350311 | G40: -1304771 | H40: -2018349 | I40: -5480608 | K40: -1907069 | L40: -2427624 | M40: -1998327 | N40: -1675245 | O40: -8008265 | Q40: -1603727 | R40: -1835234 | S40: -1777669 | T40: -1866636 | U40: -7083266 | W40: -2227464 | X40: -2622510 | Y40: -2523535 | Z40: -2465549 | AA40: -9839057 | AC40: -1890164 | AD40: -1946282 | AE40: -2063350 | AF40: -2125231 | AG40: -8025027 | AI40: -2237701 | AJ40: -2377876 | AK40: -2645483 | AL40: -2589518 | AM40: -9850577 | AO40: =SUM(AO41:AO42) -> -2034883.6 | AP40: -2105849.3 | AS40: =SUM(AO40:AR40) -> -4140732.9
A41: =IF(Menu!$D$7="Português/Portuguese",B41,C41) -> CPV, sem Depreciação | B41: CPV, sem Depreciação | C41: COGS, without Depreciation | E41: -664920 | F41: -1211403 | G41: -140380 | H41: -1251003 | I41: -4267706 | K41: -1760049 | L41: -2254686 | M41: -1810167 | N41: -1451228 | O41: -7276130 | Q41: -1367420 | R41: -1598279 | S41: -1530791 | T41: -1597180 | U41: -6093670 | W41: -1977519 | X41: -2375279 | Y41: -2261279 | Z41: -2192820 | AA41: -8806896 | AC41: -1608726 | AD41: -1653593 | AE41: -1776498 | AF41: -1843240 | AG41: -6882057 | AI41: -1932029 | AJ41: -2065693 | AK41: -2330003 | AL41: -2272791 | AM41: -8600517 | AO41: -1678660.5 | AP41: -1747745.3 | AS41: =SUM(AO41:AR41) -> -3426405.9
A42: =IF(Menu!$D$7="Português/Portuguese",B42,C42) -> Depreciação | B42: Depreciação | C42: Depreciation | E42: -142257 | F42: -138908 | G42: -164391 | H42: -767346 | I42: -1212902 | K42: -147020 | L42: -172938 | M42: -188160 | N42: -224017 | O42: -732135 | Q42: -236307 | R42: -236955 | S42: -246878 | T42: -269456 | U42: -989596 | W42: -249945 | X42: -247231 | Y42: -262256 | Z42: -272729 | AA42: -1032161 | AC42: -281438 | AD42: -292689 | AE42: -286852 | AF42: -281991 | AG42: -1142970 | AI42: -305671 | AJ42: -312183 | AK42: -315480 | AL42: -316726 | AM42: -1250060 | AO42: -356223.03 | AP42: -358104 | AS42: =SUM(AO42:AR42) -> -714327.03
A43: =IF(Menu!$D$7="Português/Portuguese",B43,C43) -> Lucro Bruto Ajustado - BASE FOB | B43: Lucro Bruto Ajustado - BASE FOB | C43: Adjusted Gross Profit - FOB basis | E43: 830690 | F43: 1322779 | G43: 2625499 | H43: 2497549 | I43: 7276521 | K43: 3566452 | L43: 4917084 | M43: 784360 | N43: 705631 | O43: 9973527 | Q43: 2234600 | R43: 751512 | S43: 730885 | T43: 1645750 | U43: 5362747 | W43: 1887268 | X43: 988411 | Y43: 1786089 | Z43: 2552865 | AA43: 7214634 | AC43: 914644 | AD43: 1377358 | AE43: 909883 | AF43: 1782129 | AG43: 4984014 | AI43: 1174481 | AJ43: 1028334 | AK43: 1759592 | AL43: 1519835 | AM43: 5482242 | AO43: =SUM(AO39:AO40) -> 1130560.4 | AP43: 761619 | AS43: =SUM(AO43:AR43) -> 1892179.4
A44: =IF(Menu!$D$7="Português/Portuguese",B44,C44) -> Margem Bruta Ajustada - BASE FOBB (%) | B44: Margem Bruta Ajustada - BASE FOBB (%) | C44: Adjusted Gross Margin - FOB Basis (%) | E44: 0.51 | F44: 0.49 | G44: 0.67 | H44: 0.55 | I44: 0.57 | K44: 0.65158277 | L44: 0.66947304 | M44: 0.28187144 | N44: 0.29637453 | O44: 0.55464589 | Q44: 0.58218073 | R44: 0.29052408 | S44: 0.29135709 | T44: 0.46855613 | U44: 0.43088072 | W44: 0.45866122 | X44: 0.27372823 | Y44: 0.41444196 | Z44: 0.50869956 | AA44: 0.42305411 | AC44: 0.32609861 | AD44: 0.41441251 | AE44: 0.30602479 | AF44: 0.45609542 | AG44: 0.38311925 | AI44: 0.34420233 | AJ44: 0.30189977 | AK44: =AK43/AK39 -> 0.39944655 | AL44: =AL43/AL39 -> 0.36984785 | AM44: 0.35754952 | AO44: =AO43/AO39 -> 0.35715698 | AP44: =AP43/AP39 -> 0.2656068 | AS44: =AS43/AS39 -> 0.3136428
A45: =IF(Menu!$D$7="Português/Portuguese",B45,C45) -> Despesas de Vendas, Gerais e Administrativas Ajustada - BASE FOB | B45: Despesas de Vendas, Gerais e Administrativas Ajustada - BASE FOB | C45: Selling, General and Administrative Expenses (SG&A) Adjusted – FOB basis | E45: -60537 | F45: -70523 | G45: -127371 | H45: -88426 | I45: -346861 | K45: -48831 | L45: -134386 | M45: -61698 | N45: -79432 | O45: -324347 | Q45: -56256 | R45: -81026 | S45: -51736 | T45: -130720 | U45: -319738 | W45: -119080 | X45: -137793 | Y45: -60884 | Z45: -66967 | AA45: -384724 | AC45: -72998 | AD45: -51989 | AE45: -58260 | AF45: -49269 | AG45: -232516 | AI45: -57571 | AJ45: -76315 | AK45: =SUM(AK46:AK47) -> -86621 | AL45: =SUM(AL46:AL47) -> -83476 | AM45: -303983 | AO45: =SUM(AO46:AO47) -> -67417.372 | AP45: -102139 | AS45: =SUM(AO45:AR45) -> -169556.37
A46: =IF(Menu!$D$7="Português/Portuguese",B46,C46) -> Despesas de Vendas, Gerais e Administrativas | B46: Despesas de Vendas, Gerais e Administrativas | C46: Selling, General and Administrative Expenses | E46: -244134 | F46: -274663 | G46: -435930 | H46: -424536 | I46: -1379263 | K46: -213880 | L46: -483004 | M46: -336598 | N46: -348942 | O46: -1382424 | Q46: -109641 | R46: -173579 | S46: -266720 | T46: -596350 | U46: -1146290 | W46: -518679 | X46: -540884 | Y46: -590812 | Z46: -561084 | AA46: -2211459 | AC46: -778949 | AD46: -917406 | AE46: -1051863 | AF46: -971574 | AG46: -3719792 | AI46: -556771 | AJ46: -708307 | AK46: -827619 | AL46: -903588 | AM46: -2996285 | AO46: -606106.32 | AP46: -847875 | AS46: =SUM(AO46:AR46) -> -1453981.3
A47: =IF(Menu!$D$7="Português/Portuguese",B47,C47) -> Frete e seguros marítimo | B47: Frete e seguros marítimo | C47: Freight & Insurance | E47: 183597 | F47: 204140 | G47: 308559 | H47: 336110 | I47: 1032402 | K47: 165049 | L47: 348618 | M47: 274900 | N47: 269510 | O47: 1058077 | Q47: 53385 | R47: 92553 | S47: 214984 | T47: 465630 | U47: 826552 | W47: 399599 | X47: 403091 | Y47: 529928 | Z47: 494117 | AA47: 1826735 | AC47: 705951 | AD47: 865417 | AE47: 993603 | AF47: 922305 | AG47: 3487276 | AI47: 499200 | AJ47: 631992 | AK47: 740998 | AL47: 820112 | AM47: 2692302 | AO47: 538688.95 | AP47: 745736 | AS47: =SUM(AO47:AR47) -> 1284424.9
A48: =IF(Menu!$D$7="Português/Portuguese",B48,C48) -> Outras Receitas (Despesas) Operacionais Líquidas | B48: Outras Receitas (Despesas) Operacionais Líquidas | C48: Other net operating income (expense) | E48: -176553 | F48: -72066 | G48: -209175 | H48: -218012 | I48: -675806 | K48: -115486 | L48: -335885 | M48: 252574 | N48: -72939 | O48: -271737 | Q48: -119691 | R48: -33477 | S48: -41877 | T48: -211956 | U48: -407001 | W48: -633871 | X48: 188373 | Y48: -8601 | Z48: -491631 | AA48: -945729 | AC48: -47130 | AD48: 350129 | AE48: -61450 | AF48: -207716 | AG48: 33833 | AI48: -30273 | AJ48: -93573 | AK48: -109930 | AL48: -159443 | AM48: -393218 | AO48: -136041 | AP48: 20510 | AS48: =SUM(AO48:AR48) -> -115531
A49: =IF(Menu!$D$7="Português/Portuguese",B49,C49) -> Resultado de Equivalência Patrimonial | B49: Resultado de Equivalência Patrimonial | C49: Equity Result | E49: -20435 | F49: 19992 | G49: 18440 | H49: 30537 | I49: 48534 | K49: 6742 | L49: 26613 | M49: 52153 | N49: 6547 | O49: 92055 | Q49: 11042 | R49: 26596 | S49: 46683 | T49: 32241 | U49: 116562 | W49: 14221 | X49: 46017 | Y49: 54529 | Z49: 37427 | AA49: 152194 | AC49: 40134 | AD49: 46180 | AE49: 50289 | AF49: 45375 | AG49: 181978 | AI49: 37042 | AJ49: 73730 | AK49: 60401 | AL49: 54928 | AM49: 226102 | AO49: -2975.5652 | AP49: 82621 | AS49: =SUM(AO49:AR49) -> 79645.435
A50: =IF(Menu!$D$7="Português/Portuguese",B50,C50) -> Resultado Financeiro Líquido | B50: Resultado Financeiro Líquido | C50: Net Financial Result | E50: 33978 | F50: -87227 | G50: -95764 | H50: -363378 | I50: -512391 | K50: 76060 | L50: -638802 | M50: 138278 | N50: 159610 | O50: -264854 | Q50: -965014 | R50: 568316 | S50: 63058 | T50: -438528 | U50: -772168 | W50: -381152 | X50: -506314 | Y50: 2757 | Z50: -345107 | AA50: -1229817 | AC50: -44090 | AD50: 436411 | AE50: -425231 | AF50: 814728 | AG50: 781818 | AI50: -1315364 | AJ50: -750058 | AK50: -566628 | AL50: 69248 | AM50: -2562801 | AO50: -626008.05 | AP50: -490617 | AS50: =SUM(AO50:AR50) -> -1116625
A51: =IF(Menu!$D$7="Português/Portuguese",B51,C51) -> Resultado antes do IR e CSLL | B51: Resultado antes do IR e CSLL | C51: Profit before income tax and social security contributions | E51: 607143 | F51: 1112955 | G51: 2211629 | H51: 1858270 | I51: 5789997 | K51: 3484937 | L51: 3834624 | M51: 1165667 | N51: 719417 | O51: 9204644 | Q51: 1104681 | R51: 1231921 | S51: 747013 | T51: 896787 | U51: 3980402 | W51: 767386 | X51: 578694 | Y51: 1773890 | Z51: 1686587 | AA51: 4806558 | AC51: 790560 | AD51: 2158089 | AE51: 415231 | AF51: 2385247 | AG51: 5749127 | AI51: -191685 | AJ51: 182119 | AK51: 1056815 | AL51: 1401093 | AM51: 2448341 | AO51: 298118 | AP51: 271994 | AS51: =SUM(AO51:AR51) -> 570112
A52: =IF(Menu!$D$7="Português/Portuguese",B52,C52) -> IR e CSLL | B52: IR e CSLL | C52: Income Tax and Social Contribution | E52: -205903 | F52: -292954 | G52: -744148 | H52: -516282 | I52: -1759287 | K52: -1122276 | L52: -1333984 | M52: -361603 | N52: -15815 | O52: -2833678 | Q52: -365540 | R52: -406200 | S52: -232956 | T52: -25408 | U52: -1030104 | W52: -251589 | X52: -84514 | Y52: -573962 | Z52: -327756 | AA52: -1237821 | AC52: -232622 | AD52: -650647 | AE52: 31075 | AF52: -369213 | AG52: -1221407 | AI52: -165603 | AJ52: -66352 | AK52: -360548 | AL52: -206679 | AM52: -799182 | AO52: -75990.991 | AP52: -52599 | AS52: =SUM(AO52:AR52) -> -128589.99
A53: =IF(Menu!$D$7="Português/Portuguese",B53,C53) -> Lucro/Prejuízo Consolidado do Período | B53: Lucro/Prejuízo Consolidado do Período | C53: Net Profit (Loss) for the Period | E53: 401240 | F53: 820001 | G53: 1467481 | H53: 1341988 | I53: 4030710 | K53: 2362661 | L53: 2500640 | M53: 804064 | N53: 703602 | O53: 6370966 | Q53: 739141 | R53: 825721 | S53: 514057 | T53: 871379 | U53: 2950298 | W53: 515797 | X53: 494180 | Y53: 1199928 | Z53: 1358831 | AA53: 3568737 | AC53: 557938 | AD53: 1507442 | AE53: 446306 | AF53: 2016034 | AG53: 4527720 | AI53: -357288 | AJ53: 115767 | AK53: 696267 | AL53: 1194414 | AM53: 1649159 | AO53: 222127.01 | AP53: 219395 | AS53: =SUM(AO53:AR53) -> 441522.01

Sheet Fluxo de Caixa | Cash Flow
E2: 44286 | F2: 44377 | G2: 44469 | H2: 44561 | J2: 44651 | K2: 44742 | L2: 44834 | M2: 44926 | O2: 45016 | P2: 45107 | Q2: 45199 | R2: 45291 | T2: 45382 | U2: 45473 | V2: 45565 | W2: 45657 | Y2: 45747 | Z2: 45838 | AA2: 45930 | AB2: 46022 | AD2: 46112 | AE2: 46203 | AF2: 46295 | AG2: 46387
E3: 03/31/2021 | F3: 06/30/2021 | G3: 09/30/2021 | H3: 12/31/2021 | J3: 03/31/2022 | K3: 06/30/2022 | L3: 09/30/2021 | M3: 12/31/2022 | O3: 03/31/2023 | P3: 06/30/2023 | Q3: 09/30/2022 | R3: 12/31/2023 | T3: 03/31/2024 | U3: 06/30/2024 | V3: 09/30/2023 | W3: 12/31/2024 | Y3: 03/31/2025 | Z3: 06/30/2025 | AA3: 09/30/2025 | AB3: 12/31/2025 | AD3: 03/31/2026 | AE3: 06/30/2026 | AF3: 09/30/2026 | AG3: 12/31/2026
A4: =IF(Menu!$D$7="Português/Portuguese",B4,C4) -> Valores em R$ (´000) | B4: Valores em R$ (´000) | C4: Values in R$ ('000) | E4: =IF(Menu!$D$7="Português/Portuguese",E2,E3) -> 44286 | F4: =IF(Menu!$D$7="Português/Portuguese",F2,F3) -> 44377 | G4: =IF(Menu!$D$7="Português/Portuguese",G2,G3) -> 44469 | H4: =IF(Menu!$D$7="Português/Portuguese",H2,H3) -> 44561 | J4: =IF(Menu!$D$7="Português/Portuguese",J2,J3) -> 44651 | K4: =IF(Menu!$D$7="Português/Portuguese",K2,K3) -> 44742 | L4: =IF(Menu!$D$7="Português/Portuguese",L2,L3) -> 44834 | M4: =IF(Menu!$D$7="Português/Portuguese",M2,M3) -> 44926 | O4: =IF(Menu!$D$7="Português/Portuguese",O2,O3) -> 45016 | P4: =IF(Menu!$D$7="Português/Portuguese",P2,P3) -> 45107 | Q4: =IF(Menu!$D$7="Português/Portuguese",Q2,Q3) -> 45199 | R4: =IF(Menu!$D$7="Português/Portuguese",R2,R3) -> 45291 | T4: =IF(Menu!$D$7="Português/Portuguese",T2,T3) -> 45382 | U4: =IF(Menu!$D$7="Português/Portuguese",U2,U3) -> 45473 | V4: =IF(Menu!$D$7="Português/Portuguese",V2,V3) -> 45565 | W4: =IF(Menu!$D$7="Português/Portuguese",W2,W3) -> 45657 | Y4: =IF(Menu!$D$7="Português/Portuguese",Y2,Y3) -> 45747 | Z4: =IF(Menu!$D$7="Português/Portuguese",Z2,Z3) -> 45838 | AA4: =IF(Menu!$D$7="Português/Portuguese",AA2,AA3) -> 45930 | AB4: =IF(Menu!$D$7="Português/Portuguese",AB2,AB3) -> 46022 | AD4: =IF(Menu!$D$7="Português/Portuguese",AD2,AD3) -> 46112 | AE4: =IF(Menu!$D$7="Português/Portuguese",AE2,AE3) -> 46203 | AF4: =IF(Menu!$D$7="Português/Portuguese",AF2,AF3) -> 46295 | AG4: =IF(Menu!$D$7="Português/Portuguese",AG2,AG3) -> 46387
A5: =IF(Menu!$D$7="Português/Portuguese",B5,C5) -> Fluxo de Caixa líquido das Atividades Operacionais | B5: Fluxo de Caixa líquido das Atividades Operacionais | C5: Net Cash Flow from Operating Activities | E5: 2420668 | F5: 2598688 | G5: 4200468 | H5: -178056 | J5: -3565519 | K5: 2117437 | L5: =SUM(L6:L19,L34) -> 1106821 | M5: -243289 | O5: 2698247 | P5: 1879811 | Q5: 2565059 | R5: 1103247 | T5: 919817 | U5: 3287868 | V5: 3565000 | W5: 3984005 | Y5: -710017 | Z5: 791335 | AA5: 1162502 | AB5: 650459 | AD5: =SUM(AD34,AD19,AD6:AD18) -> 71339 | AE5: =SUM(AE34,AE19,AE6:AE18) -> 119254
A6: =IF(Menu!$D$7="Português/Portuguese",B6,C6) -> Lucro líquido do período | B6: Lucro líquido do período | C6: Net Income (Loss) for the Period | E6: 2362662 | F6: 2500639 | G6: 804063 | H6: 703602 | J6: 739141 | K6: 825722 | L6: 514056 | M6: 871379 | O6: 515798 | P6: 494181 | Q6: 1199926 | R6: 1358832 | T6: 557938 | U6: 1507442 | V6: 446307 | W6: 2016032 | Y6: -357260 | Z6: 115739 | AA6: 696267 | AB6: 1194413 | AD6: 222127 | AE6: 219887
A7: =IF(Menu!$D$7="Português/Portuguese",B7,C7) -> Resultado de não controladoes | B7: Resultado de não controladoes | C7: Net Income (Loss) Attributable to Non-Controlling Interests | E7: 0 | F7: 0 | G7: 0 | H7: 0 | J7: 0 | K7: 0 | L7: 0 | M7: 0 | O7: 0 | P7: 0 | Q7: 0 | R7: 0 | T7: 0 | U7: 0 | V7: 0 | W7: 0 | Y7: -28 | Z7: 148 | AA7: 198 | AB7: 170 | AD7: 241 | AE7: 251
A8: =IF(Menu!$D$7="Português/Portuguese",B8,C8) -> Resultado de equivalência patrimonial | B8: Resultado de equivalência patrimonial | C8: Equity in Earnings of Subsidiaries / Equity Method Result | E8: -6742 | F8: -26613 | G8: -52153 | H8: -6547 | J8: -11042 | K8: -26596 | L8: -46683 | M8: -32241 | O8: -14221 | P8: -46017 | Q8: -54529 | R8: -37427 | T8: -55310 | U8: -63538 | V8: -17755 | W8: -45375 | Y8: -37042 | Z8: -73730 | AA8: -60402 | AB8: -54928 | AD8: 2976 | AE8: -82621
A9: =IF(Menu!$D$7="Português/Portuguese",B9,C9) -> Variações cambiais e monetárias | B9: Variações cambiais e monetárias | C9: Foreign Exchange and Monetary Variations | E9: 22256 | F9: -20342 | G9: 162086 | H9: 98766 | J9: -302848 | K9: -31449 | L9: 26609 | M9: 127747 | O9: 35999 | P9: -6667 | Q9: 30015 | R9: -151707 | T9: -77022 | U9: -276345 | V9: -247839 | W9: 522256 | Y9: -237742 | Z9: 136600 | AA9: 11562 | AB9: 73551 | AD9: -228845 | AE9: 96739
A10: =IF(Menu!$D$7="Português/Portuguese",B10,C10) -> Despesa de juros sobre empréstimos e financiamentos | B10: Despesa de juros sobre empréstimos e financiamentos | C10: Interest Expense on Loans and Financing | E10: 0 | F10: 0 | G10: 70787 | H10: 56315 | J10: 64991 | K10: 68604 | L10: 91249 | M10: 134646 | O10: 111061 | P10: 198084 | Q10: 166463 | R10: 153176 | T10: 154911 | U10: 171482 | V10: 163634 | W10: 168663 | Y10: 203446 | Z10: 150987 | AA10: 142134 | AB10: 162728 | AD10: 148859 | AE10: 113761
A11: =IF(Menu!$D$7="Português/Portuguese",B11,C11) -> Juros capitalizados | B11: Juros capitalizados | C11: Capitalized Interest | E11: 0 | F11: 0 | G11: -20073 | H11: -21283 | J11: -20470 | K11: -24866 | L11: -22797 | M11: -26305 | O11: -26692 | P11: -28840 | Q11: -31829 | R11: -37264 | T11: -22576 | U11: -36822 | V11: -24601 | W11: -29048 | Y11: -35346 | Z11: -42092 | AA11: -48105 | AB11: -58292 | AD11: -68466 | AE11: -73487
A12: =IF(Menu!$D$7="Português/Portuguese",B12,C12) -> Juros de arrendamentos | B12: Juros de arrendamentos | C12: Lease Interest Expense | E12: 1781 | F12: 1743 | G12: 2476 | H12: 3082 | J12: 2157 | K12: 3632 | L12: 3018 | M12: 2901 | O12: 2787 | P12: 2684 | Q12: 2544 | R12: 2507 | T12: 2489 | U12: 3320 | V12: 2703 | W12: 2841 | Y12: 2874 | Z12: 2651 | AA12: 2486 | AB12: 3022 | AD12: 4034 | AE12: 3697
A13: =IF(Menu!$D$7="Português/Portuguese",B13,C13) -> Perdas com instrumento derivativo | B13: Perdas com instrumento derivativo | C13: Losses on Derivative Instruments | E13: 64130 | F13: 259796 | G13: -309197 | H13: 0 | J13: 0 | K13: -22286 | L13: 47229 | M13: 75667 | O13: 554188 | P13: -342909 | Q13: 82196 | R13: 439849 | T13: -86497 | U13: 95678 | V13: 297111 | W13: 0 | Y13: 21809 | Z13: -46845 | AA13: 93499 | AB13: 30234 | AD13: 82394 | AE13: -83841
A14: =IF(Menu!$D$7="Português/Portuguese",B14,C14) -> Amortização custo de transação | B14: Amortização custo de transação | C14: Amortization of Transaction Costs | E14: 0 | F14: 0 | G14: 3938 | H14: 3394 | J14: 3461 | K14: 4578 | L14: 6915 | M14: 5081 | O14: 11668 | P14: 7882 | Q14: 10396 | R14: 11115 | T14: 10936 | U14: 11389 | V14: 12018 | W14: 13937 | Y14: 9032 | Z14: 11740 | AA14: 12091 | AB14: 14319 | AD14: 14319 | AE14: 14317
A15: =IF(Menu!$D$7="Português/Portuguese",B15,C15) -> Depreciações e amortizações | B15: Depreciações e amortizações | C15: Depreciation and Amortization | E15: 154026 | F15: 177493 | G15: 192356 | H15: 228235 | J15: 239125 | K15: 239063 | L15: 249483 | M15: 272598 | O15: 252932 | P15: 249807 | Q15: 264601 | R15: 274789 | T15: 283652 | U15: 295416 | V15: 288394 | W15: 283014 | Y15: 312226 | Z15: 317671 | AA15: 319845 | AB15: 326251 | AD15: 356867 | AE15: 358747
A16: =IF(Menu!$D$7="Português/Portuguese",B16,C16) -> Imposto de renda e contribuição social correntes e diferidos | B16: Imposto de renda e contribuição social correntes e diferidos | C16: Current and Deferred Income and Social Contribution Taxes | E16: 1122276 | F16: 1333984 | G16: 361603 | H16: 15815 | J16: 365540 | K16: 406200 | L16: 232956 | M16: 25408 | O16: 251589 | P16: 84514 | Q16: 573961 | R16: 327756 | T16: 232622 | U16: -13302 | V16: 632872 | W16: 369215 | Y16: 165603 | Z16: 66352 | AA16: 360548 | AB16: 206679 | AD16: 75991 | AE16: 52599
A17: =IF(Menu!$D$7="Português/Portuguese",B17,C17) -> Resultado na baixa ou alienação de bens | B17: Resultado na baixa ou alienação de bens | C17: Gain/(Loss) on Write-off or Disposal of Assets | E17: 0 | F17: 0 | G17: 20 | H17: 37815 | J17: 4211 | K17: 607 | L17: 3385 | M17: -30649 | O17: -504 | P17: 1262 | Q17: 1276 | R17: -2838 | T17: 4098 | U17: 805 | V17: 1561 | W17: 4158 | Y17: 1452 | Z17: 18203 | AA17: 13475 | AB17: 4481 | AD17: 81 | AE17: 9985
A18: =IF(Menu!$D$7="Português/Portuguese",B18,C18) -> Outros | B18: Outros | C18: Others | E18: -11006 | F18: 557 | G18: -10618 | H18: -3327 | J18: -7267 | K18: -214 | L18: -10740 | M18: -13626 | O18: -10956 | P18: -12788 | Q18: -21763 | R18: 114735 | T18: 67634 | U18: 27105 | V18: -60736 | W18: -34153 | Y18: 0 | Z18: 0 | AA18: 0 | AB18: 0 | AD18: 0 | AE18: -24858
A19: =IF(Menu!$D$7="Português/Portuguese",B19,C19) -> Variação dos ativos e passivos | B19: Variação dos ativos e passivos | C19: Change in Assets and Liabilities | E19: 11180 | F19: -1333903 | G19: 3355221 | H19: -892292 | J19: -2600538 | K19: 1004062 | L19: =SUM(L20:L33) -> 482682 | M19: -1360767 | O19: 1387699 | P19: 1632495 | Q19: 787014 | R19: -747497 | T19: 272145 | U19: 1574978 | V19: 3199957 | W19: 1115568 | Y19: -430672 | Z19: 329561 | AA19: 131491 | AB19: -958647 | AD19: =SUM(AD20:AD33) -> -171292 | AE19: =SUM(AE20:AE33) -> -401568
A20: =IF(Menu!$D$7="Português/Portuguese",B20,C20) -> Contas a receber de clientes | B20: Contas a receber de clientes | C20: Accounts Receivable from Customers | E20: 164377 | F20: -1006961 | G20: 2827588 | H20: 118008 | J20: -1369718 | K20: 1355363 | L20: 24069 | M20: -916691 | O20: -32051 | P20: 735915 | Q20: -505451 | R20: -281310 | T20: 1290464 | U20: -480918 | V20: 161281 | W20: -743162 | Y20: 515735 | Z20: 71969 | AA20: -641942 | AB20: -363310 | AD20: -301431 | AE20: 368539
A21: =IF(Menu!$D$7="Português/Portuguese",B21,C21) -> Estoques | B21: Estoques | C21: Inventories | E21: -130053 | F21: -387678 | G21: -367127 | H21: 141172 | J21: -12727 | K21: -140103 | L21: -96326 | M21: -204296 | O21: -310776 | P21: -33039 | Q21: 80514 | R21: -119897 | T21: 90405 | U21: -35307 | V21: -131453 | W21: -114583 | Y21: -168722 | Z21: -116356 | AA21: -25526 | AB21: -49324 | AD21: -71600 | AE21: -45532
A22: =IF(Menu!$D$7="Português/Portuguese",B22,C22) -> Tributos a recuperar | B22: Tributos a recuperar | C22: Recoverable Taxes | E22: 36180 | F22: -28000 | G22: -31341 | H22: -56510 | J22: -9497 | K22: -133 | L22: -17087 | M22: -38407 | O22: -37171 | P22: -71427 | Q22: -15218 | R22: -102987 | T22: 175023 | U22: -45975 | V22: -210479 | W22: 248186 | Y22: -83752 | Z22: -55530 | AA22: -154428 | AB22: -10259 | AD22: -48459 | AE22: -198075
A23: =IF(Menu!$D$7="Português/Portuguese",B23,C23) -> Outros ativos | B23: Outros ativos | C23: Other Assets | E23: -76572 | F23: 82825 | G23: -312535 | H23: 90020 | J23: -9075 | K23: -1818 | L23: -2577 | M23: -19322 | O23: -3299 | P23: -8529 | Q23: -3889 | R23: -63644 | T23: -42351 | U23: 24785 | V23: 210054 | W23: -538811 | Y23: 128997 | Z23: -115670 | AA23: -6145 | AB23: 33388 | AD23: -113653 | AE23: 5873
A24: =IF(Menu!$D$7="Português/Portuguese",B24,C24) -> Adiantamento Fornecedor - CSN | B24: Adiantamento Fornecedor - CSN | C24: Supplier Advances – CSN | E24: 21988 | F24: 25365 | G24: 29889 | H24: 17998 | J24: 18484 | K24: 17162 | L24: 20652 | M24: 22165 | O24: 29414 | P24: 33893 | Q24: 29485 | R24: 35879 | T24: 8326 | U24: 0 | V24: -582016 | W24: 50582 | Y24: -61491 | Z24: -28828 | AA24: 10645 | AB24: 52562 | AD24: 21173 | AE24: 46792
A25: =IF(Menu!$D$7="Português/Portuguese",B25,C25) -> Fornecedores | B25: Fornecedores | C25: Trade Payables | E25: 191652 | F25: 298097 | G25: -537213 | H25: -339442 | J25: -66054 | K25: 21623 | L25: 67031 | M25: 374592 | O25: -49561 | P25: 194700 | Q25: -113 | R25: 287575 | T25: -560400 | U25: 672762 | V25: 25148 | W25: 109584 | Y25: -312690 | Z25: 192103 | AA25: 192318 | AB25: -4061 | AD25: -495985 | AE25: 458429
A26: =IF(Menu!$D$7="Português/Portuguese",B26,C26) -> Salários, provisões e contribuições sociais | B26: Salários, provisões e contribuições sociais | C26: Salaries, Provisions and Social Contributions | E26: 3260 | F26: 15702 | G26: 13391 | H26: -22984 | J26: 3797 | K26: 16499 | L26: 7551 | M26: -21335 | O26: 1004 | P26: 17780 | Q26: 13724 | R26: -21731 | T26: 2169 | U26: 22186 | V26: 12569 | W26: -28462 | Y26: 5205 | Z26: 21127 | AA26: 6839 | AB26: -29172 | AD26: 3233 | AE26: 20190
A27: =IF(Menu!$D$7="Português/Portuguese",B27,C27) -> Tributos a recolher | B27: Tributos a recolher | C27: Taxes Payable | E27: 19270 | F27: 13201 | G27: -51259 | H27: -78139 | J27: 62690 | K27: -94101 | L27: 129141 | M27: -52862 | O27: -7456 | P27: 27090 | Q27: -18742 | R27: -87276 | T27: 132760 | U27: -112083 | V27: -351064 | W27: 182851 | Y27: -9078 | Z27: -50099 | AA27: -2766 | AB27: 38687 | AD27: -30991 | AE27: -27398
A28: =IF(Menu!$D$7="Português/Portuguese",B28,C28) -> Adiantamento Cliente - Minério de Ferro | B28: Adiantamento Cliente - Minério de Ferro | C28: Customer Advances – Iron Ore | E28: -149885 | F28: -194691 | G28: -136856 | H28: -215706 | J28: -144851 | K28: -248154 | L28: -288369 | M28: -181998 | O28: 2406978 | P28: 817395 | Q28: 1191445 | R28: -180371 | T28: -266020 | U28: 1037665 | V28: 3666573 | W28: 2003128 | Y28: -469992 | Z28: 408226 | AA28: 721991 | AB28: -688056 | AD28: 983758 | AE28: -1090787
A29: =IF(Menu!$D$7="Português/Portuguese",B29,C29) -> Adiantamento - Contratos de Energia | B29: Adiantamento - Contratos de Energia | C29: Advances – Energy Contracts | E29: 0 | F29: 0 | G29: 0 | H29: 0 | J29: 0 | K29: 0 | L29: 400003 | M29: 0 | O29: -18756 | P29: -11190 | Q29: -15295 | R29: -15710 | T29: -16021 | U29: -15578 | V29: -12543 | W29: -18185 | Y29: -15694 | Z29: -15620 | AA29: -15662 | AB29: -15548 | AD29: -15513 | AE29: -15537
A30: =IF(Menu!$D$7="Português/Portuguese",B30,C30) -> Outras contas a pagar | B30: Outras contas a pagar | C30: Other Accounts Payable | E30: 7112 | F30: 24481 | G30: 1751605 | H30: -617123 | J30: -1073576 | K30: 55438 | L30: 286911 | M30: -322613 | O30: -14832 | P30: -76580 | Q30: 19206 | R30: 38767 | T30: -43086 | U30: -95762 | V30: 288169 | W30: -99615 | Y30: 39135 | Z30: 3411 | AA30: -98954 | AB30: -111389 | AD30: 75699 | AE30: 262929
A31: =IF(Menu!$D$7="Português/Portuguese",B31,C31) -> Fornecedores risco sacado | B31: Fornecedores risco sacado | C31: Confirmed Payables with Risk Assignment | E31: 0 | F31: 0 | G31: 0 | H31: 0 | J31: 0 | K31: 0 | L31: 0 | M31: 0 | O31: 0 | P31: 0 | Q31: 0 | R31: 0 | T31: 0 | U31: 0 | V31: 123718 | W31: 64055 | Y31: 1675 | Z31: 14828 | AA31: 145121 | AB31: 187836 | AD31: -177523 | AE31: -186991
... A33: =IF(Menu!$D$7="Português/Portuguese",B33,C33) -> Hedge accounting de fluxo de caixa | B33: Hedge accounting de fluxo de caixa | C33: Cash Flow Hedge Accounting | E33: -76150 | F33: -176244 | G33: 169077 | H33: 70414 | J33: 0 | K33: 22286 | L33: -48317 | M33: 0 | O33: -575795 | P33: 6487 | Q33: 11348 | R33: -236792 | T33: -499124 | U33: 603203 | V33: 0 | W33: 0 | Y33: 0 | Z33: 0 | AA33: 0 | AB33: 0 | AD33: 0 | AE33: 0
A34: =IF(Menu!$D$7="Português/Portuguese",B34,C34) -> Outros pagamentos e recebimentos | B34: Outros pagamentos e recebimentos | C34: Other payments and receipts | E34: -1299895 | F34: -294666 | G34: -360041 | H34: -401631 | J34: -2041992 | K34: -329620 | L34: =SUM(L35:L38) -> -470541 | M34: -295128 | O34: -373101 | P34: -353877 | Q34: -445212 | R34: -602779 | T34: -425203 | U34: -9740 | V34: -1128626 | W34: -403103 | Y34: -328368 | Z34: -195649 | AA34: -512587 | AB34: -293523 | AD34: =SUM(AD35:AD38) -> -367947 | AE34: =SUM(AE35:AE38) -> -84354
A35: =IF(Menu!$D$7="Português/Portuguese",B35,C35) -> Recebimento de operações derivativas | B35: Recebimento de operações derivativas | C35: Receipt of derivative transactions | E35: 0 | F35: 0 | G35: 0 | H35: 0 | J35: 0 | K35: 0 | L35: 0 | M35: 0 | O35: 0 | P35: 0 | Q35: 0 | R35: 0 | T35: 0 | U35: 0 | V35: -61534 | W35: 0 | Y35: -21809 | Z35: 46845 | AA35: -93499 | AB35: -30234 | AD35: -118753 | AE35: 113955
A36: =IF(Menu!$D$7="Português/Portuguese",B36,C36) -> Dividendos recebidos MRS | B36: Dividendos recebidos MRS | C36: Dividends Received from MRS | E36: 0 | F36: 0 | G36: 0 | H36: 19304 | J36: 0 | K36: 0 | L36: 0 | M36: 31387 | O36: 0 | P36: 0 | Q36: 0 | R36: 38679 | T36: 0 | U36: 0 | V36: 0 | W36: 54167 | Y36: 0 | Z36: 0 | AA36: 0 | AB36: 63887 | AD36: 0 | AE36: 0
A37: =IF(Menu!$D$7="Português/Portuguese",B37,C37) -> Imposto de renda e contribuição social pagos | B37: Imposto de renda e contribuição social pagos | C37: Income Tax and Social Contribution Paid | E37: -1293342 | F37: -279816 | G37: -345523 | H37: -381367 | J37: -1973646 | K37: -270150 | L37: -412004 | M37: -216896 | O37: -251653 | P37: -195174 | Q37: -313934 | R37: -495264 | T37: -255687 | U37: 142614 | V37: -896332 | W37: -271642 | Y37: -125183 | Z37: -104875 | AA37: -237000 | AB37: -166884 | AD37: -94133 | AE37: -56163
A38: =IF(Menu!$D$7="Português/Portuguese",B38,C38) -> Juros pagos sobre empréstimos e financiamentos | B38: Juros pagos sobre empréstimos e financiamentos | C38: Interest Paid on Loans and Financing | E38: -6553 | F38: -14850 | G38: -14518 | H38: -39568 | J38: -68346 | K38: -59470 | L38: -58537 | M38: -109619 | O38: -121448 | P38: -158703 | Q38: -131278 | R38: -146194 | T38: -169516 | U38: -152354 | V38: -170760 | W38: -185628 | Y38: -181376 | Z38: -137619 | AA38: -182088 | AB38: -160292 | AD38: -155061 | AE38: -142146
A39: =IF(Menu!$D$7="Português/Portuguese",B39,C39) -> Fluxo de Caixa das Atividades de Investimentos | B39: Fluxo de Caixa das Atividades de Investimentos | C39: Cash Flow from Investing Activities | E39: -132832 | F39: -466903 | G39: -344192 | H39: -392076 | J39: -289361 | K39: -403591 | L39: =SUM(L40:L44) -> -195572 | M39: -649745 | O39: -227905 | P39: -117673 | Q39: -405395 | R39: -457739 | T39: -237865 | U39: -391204 | V39: -475714 | W39: -659187 | Y39: -377465 | Z39: -500342 | AA39: -605519 | AB39: -4235564 | AD39: =SUM(AD40:AD44) -> -431436 | AE39: =SUM(AE40:AE44) -> -652096
A40: =IF(Menu!$D$7="Português/Portuguese",B40,C40) -> Aquisição de participação em controladas, coligadas ou joint ventures | B40: Aquisição de participação em controladas, coligadas ou joint ventures | C40: Acquisition of interest in subsidiaries, affiliates or joint ventures | E40: 0 | F40: 0 | G40: 0 | H40: 0 | J40: 0 | K40: 0 | L40: 0 | M40: 0 | O40: 0 | P40: 0 | Q40: 0 | R40: 0 | T40: 0 | U40: 0 | V40: 0 | W40: 0 | Y40: 0 | Z40: 0 | AA40: 0 | AB40: 0 | AD40: 0 | AE40: 0
A41: =IF(Menu!$D$7="Português/Portuguese",B41,C41) -> Aquisição de ativos imobilizados | B41: Aquisição de ativos imobilizados | C41: Acquisition of fixed assets | E41: -132832 | F41: -466903 | G41: -344192 | H41: -392076 | J41: -289361 | K41: -403591 | L41: -275668 | M41: -222406 | O41: -238045 | P41: -343611 | Q41: -404559 | R41: -457370 | T41: -237482 | U41: -390875 | V41: -475349 | W41: -658825 | Y41: -377036 | Z41: -499863 | AA41: -602874 | AB41: -885154 | AD41: -430811 | AE41: -651554
A42: =IF(Menu!$D$7="Português/Portuguese",B42,C42) -> Aplicações financeiras | B42: Aplicações financeiras | C42: Financial investments | E42: 0 | F42: 0 | G42: 0 | H42: 0 | J42: 0 | K42: 0 | L42: 80096 | M42: -110398 | O42: 10140 | P42: 225938 | Q42: -836 | R42: -369 | T42: -383 | U42: -329 | V42: -365 | W42: -362 | Y42: -429 | Z42: -479 | AA42: -2645 | AB42: -410 | AD42: -625 | AE42: -542
A43: =IF(Menu!$D$7="Português/Portuguese",B43,C43) -> Caixa recebido na aquisição da Chapeco | B43: Caixa recebido na aquisição da Chapeco | C43: Cash received in the acquisition of Chapecó | E43: 0 | F43: 0 | G43: 0 | H43: 0 | J43: 0 | K43: 0 | L43: 0 | M43: 41693 | O43: 0 | P43: 0 | Q43: 0 | R43: 0 | T43: 0 | U43: 0 | V43: 0 | W43: 0 | Y43: 0 | Z43: 0 | AA43: 0 | AB43: 0 | AD43: 0 | AE43: 0
A44: =IF(Menu!$D$7="Português/Portuguese",B44,C44) -> Aquisição da Cia Energética Chapeco | B44: Aquisição da Cia Energética Chapeco | C44: Acquisition of Cia Energética Chapecó | E44: 0 | F44: 0 | G44: 0 | H44: 0 | J44: 0 | K44: 0 | L44: 0 | M44: -358634 | O44: 0 | P44: 0 | Q44: 0 | R44: 0 | T44: 0 | U44: 0 | V44: 0 | W44: 0 | Y44: 0 | Z44: 0 | AA44: 0 | AB44: 0 | AD44: 0 | AE44: 0
A45: =IF(Menu!$D$7="Português/Portuguese",B45,C45) -> Fluxo de Caixa das Atividades de Financiamento | B45: Fluxo de Caixa das Atividades de Financiamento | C45: Cash Flow from Financing Activities | E45: -143900 | F45: 1817208 | G45: -1090934 | H45: -543857 | J45: -509316 | K45: -697419 | L45: =SUM(L46:L55) -> 1303681 | M45: -2196116 | O45: 106420 | P45: -2982448 | Q45: 616405 | R45: -1474791 | T45: -70545 | U45: -1557836 | V45: -370783 | W45: -2595032 | Y45: 173828 | Z45: -254233 | AA45: -1310121 | AB45: -1091664 | AD45: =SUM(AD46:AD55) -> 253053 | AE45: =SUM(AE46:AE55) -> -417726
A46: =IF(Menu!$D$7="Português/Portuguese",B46,C46) -> Pagamento do principal sobre empréstimos | B46: Pagamento do principal sobre empréstimos | C46: Principal repayment on borrowings | E46: -13992 | F46: -13828 | G46: -31034 | H46: -32205 | J46: -30393 | K46: -177571 | L46: -29317 | M46: -169058 | O46: -374716 | P46: -580797 | Q46: -34492 | R46: -167616 | T46: -49469 | U46: -151842 | V46: -28528 | W46: -136131 | Y46: -577544 | Z46: -270402 | AA46: -1006352 | AB46: -250786 | AD46: -419468 | AE46: -262318
A47: =IF(Menu!$D$7="Português/Portuguese",B47,C47) -> Pré pagamento de minério de ferro | B47: Pré pagamento de minério de ferro | C47: Iron ore prepayment | E47: 0 | F47: 0 | G47: 0 | H47: 0 | J47: 0 | K47: 0 | L47: 0 | M47: 0 | O47: 0 | P47: 0 | Q47: 0 | R47: 0 | T47: 0 | U47: 0 | V47: 0 | W47: 0 | Y47: 0 | Z47: 42611 | AA47: 24105 | AB47: 0 | AD47: 0 | AE47: 0
A48: =IF(Menu!$D$7="Português/Portuguese",B48,C48) -> Amortização de pré-pagamento de minério de ferro | B48: Amortização de pré-pagamento de minério de ferro | C48: Amortization of iron ore prepayment | E48: 0 | F48: 0 | G48: 0 | H48: 0 | J48: 0 | K48: 0 | L48: 0 | M48: 0 | O48: 0 | P48: 0 | Q48: 0 | R48: 0 | T48: 0 | U48: 0 | V48: 0 | W48: 0 | Y48: 0 | Z48: 0 | AA48: -66716 | AB48: 0 | AD48: 0 | AE48: 0
A49: =IF(Menu!$D$7="Português/Portuguese",B49,C49) -> Captações | B49: Captações | C49: Proceeds from borrowings | E49: 0 | F49: 1935627 | G49: 1259760 | H49: 0 | J49: 0 | K49: 2181171 | L49: 1400000 | M49: 430000 | O49: 488223 | P49: 250000 | Q49: 674318 | R49: 5238 | T49: 0 | U49: 0 | V49: 0 | W49: 489360 | Y49: 759263 | Z49: 0 | AA49: 1221847 | AB49: 0 | AD49: 699635 | AE49: 0
A50: =IF(Menu!$D$7="Português/Portuguese",B50,C50) -> Emissão primaria de ações | B50: Emissão primaria de ações | C50: Primary issuance of shares | E50: 1347862 | F50: 0 | G50: 0 | H50: 0 | J50: 0 | K50: 0 | L50: 0 | M50: 0 | O50: 0 | P50: 0 | Q50: 0 | R50: 0 | T50: 0 | U50: 0 | V50: 0 | W50: 0 | Y50: 0 | Z50: 0 | AA50: 0 | AB50: 0 | AD50: 0 | AE50: 0
A51: =IF(Menu!$D$7="Português/Portuguese",B51,C51) -> Custo de transação | B51: Custo de transação | C51: Transaction costs | E51: 0 | F51: -102315 | G51: -35209 | H51: 0 | J51: 0 | K51: -173209 | L51: -61258 | M51: -6151 | O51: -1719 | P51: -97291 | Q51: -18852 | R51: -3682 | T51: -17864 | U51: -1059 | V51: -20241 | W51: 0 | Y51: -1139 | Z51: -19519 | AA51: -26323 | AB51: -84 | AD51: 0 | AE51: 0
A52: =IF(Menu!$D$7="Português/Portuguese",B52,C52) -> Dividendos pagos | B52: Dividendos pagos | C52: Dividends paid | E52: -1068207 | F52: 0 | G52: -2136459 | H52: 0 | J52: 0 | K52: -2520404 | L52: 0 | M52: -1763000 | O52: 0 | P52: -2181912 | Q52: 0 | R52: -1364984 | T52: 0 | U52: -1025041 | V52: 0 | W52: -2535000 | Y52: 0 | Z52: 0 | AA52: -1090000 | AB52: -424205 | AD52: 0 | AE52: 0
A53: =IF(Menu!$D$7="Português/Portuguese",B53,C53) -> Juros de Capital Proprio | B53: Juros de Capital Proprio | C53: Interest on Equity | E53: -404941 | F53: 0 | G53: 0 | H53: 0 | J53: -473477 | K53: 0 | L53: 0 | M53: -681754 | O53: 0 | P53: -367158 | Q53: 0 | R53: 59789 | T53: 0 | U53: -369959 | V53: 0 | W53: -396702 | Y53: 0 | Z53: 0 | AA53: -360972 | AB53: -408449 | AD53: 0 | AE53: 0
A54: =IF(Menu!$D$7="Português/Portuguese",B54,C54) -> Passivos de arrendamentos | B54: Passivos de arrendamentos | C54: Lease liabilities | E54: -4622 | F54: -2276 | G54: -2853 | H54: -5775 | J54: -5446 | K54: -5313 | L54: -5744 | M54: -6153 | O54: -5368 | P54: -5290 | Q54: -4569 | R54: -3536 | T54: -3212 | U54: -9935 | V54: -6389 | W54: -7842 | Y54: -6752 | Z54: -6923 | AA54: -5710 | AB54: -8140 | AD54: -27114 | AE54: -26887
A55: =IF(Menu!$D$7="Português/Portuguese",B55,C55) -> Recompra da ações | B55: Recompra da ações | C55: Share buyback | E55: 0 | F55: 0 | G55: -145139 | H55: -505877 | J55: 0 | K55: -2093 | L55: 0 | M55: 0 | O55: 0 | P55: 0 | Q55: 0 | R55: 0 | T55: 0 | U55: 0 | V55: -315625 | W55: -8717 | Y55: 0 | Z55: 0 | AA55: 0 | AB55: 0 | AD55: 0 | AE55: -128521
A56: =IF(Menu!$D$7="Português/Portuguese",B56,C56) -> Variação Cambial sobre caixa e equivalentes de Caixa | B56: Variação Cambial sobre caixa e equivalentes de Caixa | C56: Exchange rate variation on cash and cash equivalents | M56: -5240 | O56: -52503 | P56: 54677 | Q56: -2175 | R56: 3069 | T56: 1811 | U56: 25772 | V56: -13178 | W56: -22876 | Y56: 9265 | Z56: 36514 | AA56: -16932 | AB56: -36082 | AD56: 77525 | AE56: 28355
A57: =IF(Menu!$D$7="Português/Portuguese",B57,C57) -> Aumento (Redução) do Caixa e Equivalentes de Caixa | B57: Aumento (Redução) do Caixa e Equivalentes de Caixa | C57: Increase (Decrease) in Cash and Cash Equivalents | E57: 2143935 | F57: 3948993 | G57: 2765342 | H57: -1113989 | J57: -4364196 | K57: 1016427 | L57: =SUM(L5,L39,L45) -> 2214930 | M57: -3094390 | O57: 2524259 | P57: -1165633 | Q57: 2773894 | R57: -826214 | T57: 613218 | U57: 1364600 | V57: 2705325 | W57: 706908 | Y57: -904389 | Z57: 73274 | AA57: -770070 | AB57: -4712852 | AD57: =SUM(AD5,AD39,AD45,AD56) -> -29519 | AE57: =SUM(AE5,AE39,AE45,AE56) -> -922213
A58: =IF(Menu!$D$7="Português/Portuguese",B58,C58) -> Caixa e equivalentes de caixa no início do período | B58: Caixa e equivalentes de caixa no início do período | C58: Cash and cash equivalents at the beginning of the period | E58: 2972521 | F58: 5116457 | G58: 9065450 | H58: 11830791 | J58: 10716802 | K58: 6352605 | L58: =K59 -> 7369032 | M58: 9583962 | O58: 6489572 | P58: 9013831 | Q58: 7848198 | R58: 10622092 | T58: 9795878 | U58: 10409096 | V58: 11773696 | W58: 14479020 | Y58: 15185928 | Z58: 14281539 | AA58: 14354813 | AB58: 13584743 | AD58: =AB59 -> 8871892 | AE58: =AD59 -> 8842373
A59: =IF(Menu!$D$7="Português/Portuguese",B59,C59) -> Caixa e equivalentes de caixa no fim do período | B59: Caixa e equivalentes de caixa no fim do período | C59: Cash and cash equivalents at the end of the period | E59: 5116457 | F59: 9065450 | G59: 11830791 | H59: 10716802 | J59: 6352605 | K59: 7369032 | L59: =SUM(L57:L58) -> 9583962 | M59: 6489572 | O59: 9013831 | P59: 7848198 | Q59: 10622092 | R59: 9795878 | T59: 10409096 | U59: 11773696 | V59: 14479020 | W59: 15185928 | Y59: 14281539 | Z59: 14354813 | AA59: 13584743 | AB59: 8871892 | AD59: =SUM(AD58,AD57) -> 8842373 | AE59: =_xlfn.XLOOKUP(A59,'[3]12. DFC'!$B:$B,'[3]12. DFC'!$AV:$AV) -> 7920160
